 Dungeon Crawl Stone Soup version 0.31-a0-152-g6aa68a64a1 (webtiles) character file.

Game seed: 15655124875422892604

509719 qw the Conqueror (level 23, 0/240 HPs)
             Began as a Minotaur Hunter on June 8, 2023.
             Was a Priest of Okawaru.
             Slain by a green draconian monk (32 damage)
             ... led by Tiamat
             ... on level 3 of the Realm of Zot.
             The game lasted 00:26:59 (50175 turns).

qw the Conqueror (Minotaur Hunter)                 Turns: 50175, Time: 00:27:00

Health: 0/240      AC: 22    Str: 12    XL:     23   Next: 90%
Magic:  35/35      EV: 61    Int:  3    God:    Okawaru [***...]
Gold:   423        SH:  0    Dex: 47    Spells: 22/22 levels left

rFire   + + .        Y - +1 triple crossbow
rCold   + + .        (shield currently unavailable)
rNeg    . . .        j - +6 leather armour "Jusunaf" {rC+ Dex+3}
rPois   +            u - +2 hat {SInv}
rElec   +            m - scarf {repulsion}
rCorr   +            e - +2 pair of gloves
SInv    +            h - +1 pair of boots "Gitoy" {Will+ Str-5 Dex+8}
Will    ++...        w - amulet of Winter {Faith rF+ Int-3 Dex+6}
Stlth   ++++         l - ring "Podippips" {Fly rElec EV+5 Stlth-}
HPRegen 0.60/turn    a - +6 ring of dexterity
MPRegen 0.24/turn

%: repel missiles, faith
@: about to teleport, resistant, heroic, flying, constricted
A: horns 2, retaliatory headbutt
}: 3/15 runes: decaying, serpentine, silver
a: Renounce Religion, Heroism


You were on level 3 of the Realm of Zot.
You worshipped Okawaru.
Okawaru was most pleased with you.
You visited 9 branches of the dungeon, and saw 43 of its levels.
You visited the Abyss 1 time.

You collected 5755 gold pieces.
You spent 5332 gold pieces at shops.


Innate Abilities, Weirdness & Mutations

You have a pair of horns on your head.
You reflexively headbutt those who attack you in melee.


   Skills:
 O Level 27 Fighting
 - Level 22.0(27) Ranged Weapons
 - Level 22.0(27) Armour
 - Level 22.0(27) Dodging
 - Level 0.7(5.7) Stealth
 + Level 18.0 Invocations


You had 22 spell levels left.
You didn't know any spells.
Your spell library was empty.

Inventory:

Hand Weapons
 Y - a +1 triple crossbow (weapon)
Armour
 e - a +2 pair of gloves (worn)
 h - the +1 pair of boots "Gitoy" (worn) {Will+ Str-5 Dex+8}
   (Okawaru gifted it to you on level 2 of the Swamp)

   Str:       It affects your strength (-5).
   Dex:       It affects your dexterity (+8).
   Will:      It increases your willpower.
 j - the +6 leather armour "Jusunaf" (worn) {rC+ Dex+3}
   (You bought it in a shop on level 1 of the Orcish Mines)

   Dex:       It affects your dexterity (+3).
   rC:        It protects you from cold.
 m - a scarf of repulsion (worn)
 u - a +2 hat of see invisible (worn)
 A - a +2 cloak
Jewellery
 a - a +6 ring of dexterity (right hand)
 g - the ring of Rufay {Fire rN+ Will++ Int-5}
   (You took it off Boris on level 5 of the Vaults)

   [ring of fire]

   It enhances your fire magic.
   Int:       It affects your intelligence (-5).
   rF:        It protects you from fire.
   rC:        It makes you vulnerable to cold.
   rN:        It protects you from negative energy.
   Will:      It greatly increases your willpower.
 l - the ring "Podippips" (left hand) {Fly rElec EV+5 Stlth-}
   (You found it on level 5 of the Vaults)

   [ring of evasion]

   EV:        It affects your evasion (+5).
   rElec:     It insulates you from electricity.
   Fly:       It grants you flight.
   Stlth:     It makes you less stealthy.
 s - a ring of protection from fire
 w - the amulet of Winter (around neck) {Faith rF+ Int-3 Dex+6}
   (You bought it in a shop on level 4 of the Depths)

   [amulet of faith]

   It allows you to gain divine favour quickly.
   Int:       It affects your intelligence (-3).
   Dex:       It affects your dexterity (+6).
   rF:        It protects you from fire.
 z - the ring "Waebb" {Ice Will+ MP+9 Str+3 Stlth-}
   (You took it off Josephina on level 1 of the Realm of Zot)

   [ring of ice]

   It enhances your ice magic.
   Str:       It affects your strength (+3).
   rF:        It makes you vulnerable to fire.
   rC:        It protects you from cold.
   MP:        It affects your magic capacity (+9).
   Will:      It increases your willpower.
   Stlth:     It makes you less stealthy.
 B - the ring of the Ornamental Tomato {rN+ rCorr Str-5 Dex+2 Slay+3}
   (You found it on level 5 of the Vaults)

   [ring of resist corrosion]

   Str:       It affects your strength (-5).
   Dex:       It affects your dexterity (+2).
   Slay:      It affects your accuracy & damage with ranged weapons and melee
   (+3).
   rN:        It protects you from negative energy.
   rCorr:     It protects you from acid and corrosion.
Wands
 n - a wand of digging (17)
Scrolls
 d - 32 scrolls of identify
 f - 3 scrolls of enchant armour
 q - 12 scrolls of teleportation
Potions
 b - 7 potions of mutation
 c - 29 potions of curing
 i - 10 potions of might
 k - 9 potions of haste
 o - a potion of resistance
 p - 5 potions of heal wounds
 r - 7 potions of magic
 v - a potion of cancellation

Dungeon Overview and Level Annotations

Branches:
Dungeon (15/15)            Temple (1/1) D:6            Lair (5/5) D:10
  Swamp (4/4) Lair:2        Snake (4/4) Lair:3        Slime (0/5) Lair:5
    Orc (2/2) D:9             Elf (0/3) Orc:2        Vaults (5/5) D:14
  Crypt (0/3) Vaults:2     Depths (4/4) D:15            Zot (3/5) Depths:4

Altars:
Ashenzari
Cheibriados
Dithmenos
Elyvilon
Fedhas
Gozag
Hepliaklqana
Kikubaaqudgha
Makhleb
Nemelex Xobeh
Okawaru
Qazlal
Ru
Sif Muna
Trog
Uskayaw
Vehumet
Wu Jian
Xom
Yredelemnul
Zin
The Shining One
Jiyva
Lugonu

Shops:
D:8 *   D:9 *   Orc:1 ?:![[   Orc:2 ?=[(?(!!   Snake:2 [(*   Snake:3 (
Snake:4 **   Vaults:3 !   Vaults:4 ?   Vaults:5 !   Depths:1 :   Depths:4 =:=

Portals:
Hell: Depths:1 Depths:2 Depths:3 Depths:4
Abyss: Lair:5 Depths:3
Pandemonium: Depths:2
Ziggurat: Depths:1

Annotations:
D:4 3 runed translucent doors, qw's ghost, novice MiHu
D:13 3 runed translucent doors, qdestroyer's ghost, journeyman MiFi
Lair:1 2 transporters, qw's ghost, journeyman MiHu
Lair:5 1 runed translucent door
Snake:3 1 runed translucent door, Seits's ghost, adept MiFi
Orc:1 2 transporters, sand's ghost, journeyman HOFi
Vaults:1 3 runed translucent doors, qw's ghost, adept MiHu
Depths:1 1 runed translucent door, Viocziel's ghost, adept TrMo
Zot:3 Tiamat


Message History

The tentacled monstrosity constricts you.
The golden dragon completely misses you. x2
The golden dragon barely misses you.
The moth of wrath goads the golden dragon on!
The golden dragon goes berserk!
50174 ||| READING 13 scrolls of teleportation.
As you read the scroll of teleportation, it crumbles to dust.
You feel strangely unstable.
You feel the Orb delaying your translocation!
The quicksilver dragon bites you!
The quicksilver dragon completely misses you.
The green draconian monk completely misses you.
You furiously retaliate!
You headbutt the green draconian monk.
The green draconian monk completely misses you. x3
The black draconian knight hits you with a +0 great mace.
An orb of fire comes into view.
The yellow draconian completely misses you.
The golden dragon completely misses you.
You furiously retaliate!
You headbutt the golden dragon.
The golden dragon completely misses you. x2
The moth of wrath goads the tentacled monstrosity on!
The tentacled monstrosity goes berserk!
The green draconian monk completely misses you.
You furiously retaliate!
You headbutt the green draconian monk!
The green draconian monk completely misses you.
The green draconian monk misses you.
The green draconian monk completely misses you.
The tentacled monstrosity tentacle-slaps you!!
The tentacled monstrosity completely misses you. x2
The tentacled monstrosity constricts you.
The white draconian stormcaller utters an invocation to Qazlal.
50175 ||| DRINKING 6 potions of heal wounds.
You feel much better.
The black draconian knight barely misses you.
The yellow draconian completely misses you.
You furiously retaliate!
You headbutt the yellow draconian. The golden dragon barely misses you.
The golden dragon completely misses you. x2
The green draconian monk hits you!!
You die...

.^.. . ...... !
. ...... .# ..
......### .# ...
#.....kl##*#....
#.>....d.......#
...dyqqk......#
#DXqD....).#
ddd.#d@*D.#...#
# ##qD...$..#
##.......#
##......#
#######


You could see 2 orbs of fire, 2 shadow dragons, a tentacled monstrosity
(berserk), a green draconian monk (berserk), a black draconian knight (fast,
invisible), a golden dragon (berserk), 2 draconians, a purple draconian, a
quicksilver dragon (berserk), a white draconian stormcaller, a red draconian
scorcher, a lindwurm (summoned), a moth of wrath, a komodo dragon (summoned) and
a swamp drake (summoned).

Vanquished Creatures
  A dread lich (Vaults:5)
  Mennas (Depths:3)
  2 ancient liches (Vaults:5)
  Mara (Depths:1)
  A juggernaut (Depths:2)
  Boris (Vaults:5)
  Josephina (Zot:1)
  Bai Suzhen (Swamp:3)
  A curse toe (Zot:2)
  Saint Roka (Orc:2)
  Xtahua (Depths:3)
  A golden dragon (Depths:4)
  Nikola (Vaults:2)
  An electric golem (Zot:1)
  10 tentacled monstrosities
  3 liches
  5 quicksilver dragons
  Asterion (Depths:2)
  4 titans (Vaults:5)
  A thorn hunter (Swamp:4)
  Gastronok (D:11)
  3 death cobs
  4 sphinxes
  5 tengu reavers
  11 storm dragons
  7 shadow dragons
  2 fenstrider witches
  10 nagarajas
  6 fire giants
  5 draconian monks
  11 frost giants
  3 iron dragons (Vaults:5)
  Aizul (Swamp:3)
  3 deep elf sorcerers (Vaults:5)
  3 draconian shifters
  15 vault wardens
  3 draconian scorchers
  3 ghouls
  4 orc warlords
  2 draconian stormcallers (Zot:1)
  8 war gargoyles
  2 draconian annihilators (Zot:1)
  12 ironbound preservers
  21 stone giants
  2 vampire knights (Depths:2)
  4 green draconians
  21 very ugly things
  8 ironbound thunderhulks
  3 eleionomae
  11 dire elephants
  A black draconian (Zot:1)
  Nessos (D:14)
  6 red draconians
  8 white draconians
  4 purple draconians
  2 yellow draconians
  A spark wasp (Depths:2)
  3 bunyips
  2 green deaths (Depths:1)
  3 blizzard demons
  7 ettins
  A merfolk impaler (Depths:3)
  A crystal guardian (Vaults:3)
  14 yaktaur captains
  4 deep elf high priests
  15 fire dragons
  8 great orbs of eyes
  8 ice dragons
  Harold (D:11)
  3 entropy weavers
  4 jiangshi (Depths:2)
  4 rakshasas
  4 ogre magi
  2 hell beasts (Depths:1)
  Erolcha (D:10)
  4 peacekeepers
  2 ghost crabs (Swamp:3)
  4 salamander tyrants
  18 hydras
  28 vault guards
  18 centaur warriors
  4 spriggan air magi
  2 death knights
  10 ironbound frosthearts
  A two-headed ogre (shapeshifter) (Vaults:5)
  15 alligators
  8 anacondas
  6 boulder beetles
  12 deep troll earth magi
  11 deep troll shamans
  5 death yaks (Lair:2)
  10 two-headed ogres
  3 vampire magi (Depths:2)
  11 tengu warriors
  7 spriggan berserkers
  14 naga warriors
  4 thrashing horrors (Lair:5)
  A titan zombie (Vaults:3)
  6 shock serpents
  12 naga sharpshooters
  Urug (D:11)
  A deep elf knight (D:14)
  Sonja (Orc:1)
  4 hell knights
  A shadow wraith (Vaults:5)
  3 soul eaters
  2 fire crabs
  6 iron trolls
  4 goliath frogs
  Amaemon (D:10)
  2 death drakes
  44 deep trolls
  10 salamander mystics
  A skyshark (Lair:4)
  Lodul (D:14)
  A glowing orange brain (Depths:3)
  2 sea snakes (Vaults:1)
  A skeletal warrior (D:14)
  3 flayed ghosts
  An obsidian statue (Depths:1)
  20 ironbound convokers
  8 naga ritualists
  10 lindwurms
  2 bog bodies
  6 phantasmal warriors
  10 swamp dragons
  12 wizards
  2 deep elf zephyrmancers (Vaults:1)
  12 harpies
  A harpy (shapeshifter) (D:14)
  14 orc knights
  A wolf spider (shapeshifter) (Depths:2)
  A sphinx zombie (Vaults:2)
  5 necromancers
  13 mana vipers
  2 wolf spiders
  5 cyclopes
  An iron dragon zombie (Vaults:3)
  A manticore (shapeshifter) (Depths:4)
  2 deep elf pyromancers
  35 ugly things
  An oklob plant (Lair:5)
  6 manticores
  4 elephants
  9 will-o-the-wisps
  An orc sorcerer (Orc:2)
  17 salamanders
  An elephant (shapeshifter) (Lair:5)
  Maurice (Orc:2)
  9 moths of wrath
  43 black mambas
  A human skeleton (Vaults:3)
  6 guardian serpents
  A guardian serpent (shapeshifter) (Vaults:3)
  A torpor snail (Lair:1)
  2 molten gargoyles (Vaults:1)
  19 vault sentinels
  A fire giant skeleton (Vaults:3)
  30 naga magi
  12 cane toads
  6 smoke demons
  3 gargoyles
  An orange demon (D:10)
  2 unseen horrors
  6 freezing wraiths
  Psyche (D:10)
  5 komodo dragons
  4 rime drakes
  An efreet (D:14)
  8 tengu conjurers
  A storm dragon simulacrum (Zot:1)
  4 unseen horror zombies (D:9)
  A rime drake (shapeshifter) (D:13)
  3 kobold demonologists
  A tormentor (Depths:1)
  24 yaktaurs
  3 ancient zymes (Lair:5)
  2 red devils (Depths:2)
  An ice devil (Depths:1)
  A bloated husk (Swamp:4)
  6 trolls
  3 polar bears
  6 tyrant leeches
  A meliai (shapeshifter) (D:13)
  A troll (shapeshifter) (D:14)
  A tarantella (Vaults:1)
  A wind drake (shapeshifter) (Vaults:5)
  27 blink frogs
  19 hornets
  A shadow dragon simulacrum (Zot:1)
  A jumping spider (shapeshifter) (Vaults:5)
  6 dream sheep (Lair:3)
  A fire giant simulacrum (Vaults:3)
  22 slime creatures
  An ettin zombie (Vaults:3)
  3 shadows
  2 draconian simulacra (Zot:1)
  5 water elementals (Depths:3)
  18 spriggans
  Sigmund (D:2)
  A wyvern (shapeshifter) (D:14)
  4 ynoxinuls
  3 fire elementals
  15 humans (D:14)
  2 wyverns
  47 yaks
  4 wraiths
  Grum (D:9)
  3 large abominations (Lair:5)
  7 steam dragons
  9 basilisks
  4 chaos spawn
  21 swamp worms
  A redback (shapeshifter) (Vaults:5)
  A yaktaur simulacrum (Vaults:2)
  6 redbacks
  6 vampire mosquitoes
  2 swamp worms (shapeshifter)
  5 wargs
  18 water moccasins
  53 nagas
  An entropy weaver zombie (Vaults:2)
  Duvessa (D:7)
  A floating eye (Depths:4)
  A glowing shapeshifter skeleton (Vaults:3)
  An ogre skeleton (Vaults:3)
  48 orc warriors
  7 swamp drakes
  2 sky beasts
  6 black bears
  3 ice beasts
  13 wolves
  17 ogres
  7 boggarts
  8 centaurs
  A phantom (D:9)
  5 kobold brigands
  9 bullfrogs
  2 scorpions
  2 necrophages (Swamp:2)
  12 wights
  Dowan (D:7)
  3 killer bees (D:11)
  2 human simulacra (Vaults:2)
  2 troll zombies (D:9)
  3 electric eels
  4 howler monkeys
  A centaur zombie (D:9)
  12 small abominations (Lair:5)
  2 lava snakes
  3 hounds
  3 jellies
  21 orc priests
  2 gnoll boudas
  A sleepcap (D:6)
  3 iguanas
  Ijyb (D:5)
  Terence (D:2)
  17 orc wizards
  A killer bee zombie (D:9)
  4 ogre zombies (D:9)
  A howler monkey zombie (D:9)
  Robin (D:2)
  8 gnolls
  8 adders
  A shadow imp (D:7)
  2 white imps
  5 ufetubi
  4 worms
  4 dart slugs
  109 orcs
  8 bats
  8 endoplasms
  2 giant cockroaches
  18 goblins
  14 hobgoblins
  19 jackals
  16 kobolds
  3 quokkas
  2 ball pythons (D:2)
  5 frilled lizards
  3 goblin zombies (D:9)
  2 hobgoblin skeletons (D:9)
  2 hobgoblin zombies (D:9)
  2 orc skeletons (D:9)
  10 orc zombies (D:9)
  3 rats
1886 creatures vanquished.

Vanquished Creatures (others)
  A frost giant (Depths:2)
  A jiangshi (Depths:2)
  A salamander tyrant (Snake:4)
  A hydra (Swamp:4)
  A spriggan air mage (Depths:2)
  A deep troll earth mage (Depths:2)
  A bloated husk (Swamp:2)
  A human (D:14)
  A naga (Snake:3)
  4 swamp drakes (Swamp:4)
  10 foxfires
23 creatures vanquished.

Grand Total: 1909 creatures vanquished

Notes
Turn   | Place    | Note
-------+----------+-------------------------------------------
     0 | D:1      | qw the Minotaur Hunter began the quest for the Orb.
     0 | D:1      | Reached XP level 1. HP: 18/18 MP: 0/0
     0 | D:1      | 0 ||| qw: Version: 0.2-a-120-gdf1a93b
     0 | D:1      | 0 ||| qw: Game counter: 3123
     0 | D:1      | 0 ||| qw: Always use a shield: true
     0 | D:1      | 0 ||| qw: God list: Okawaru
     0 | D:1      | 0 ||| qw: Allow faded altars: false
     0 | D:1      | 0 ||| qw: Do Orc after D:15 true
     0 | D:1      | 0 ||| qw: Do second Lair branch before Depths: true
     0 | D:1      | 0 ||| qw: Lair rune preference: random
     0 | D:1      | 0 ||| qw: Plans: Normal
     0 | D:1      | 0 ||| PLANNING D:1-11
   148 | D:1      | 148 ||| FLEEEEING.
   149 | D:1      | 149 ||| FLEEEEING.
   186 | D:1      | Reached XP level 2. HP: 22/25 MP: 1/1
   355 | D:1      | Reached skill level 3 in Fighting
   479 | D:1      | Reached XP level 3. HP: 31/31 MP: 2/2
   745 | D:1      | 745 ||| UPGRADING to +1 pair of gloves.
   750 | D:1      | 750 ||| READING scroll labelled PEGGES WIME.
   751 | D:1      | 751 ||| READING scroll labelled DUGEVU UL JORE.
   752 | D:1      | 752 ||| DROPPING scroll of butterflies.
   754 | D:1      | 754 ||| Stepping ~*~*~tactically~*~*~ (cloud).
  1248 | D:2      | Reached XP level 4. HP: 23/38 MP: 3/3
  1349 | D:2      | Noticed Terence
  1357 | D:2      | Killed Terence
  1358 | D:2      | Reached skill level 6 in Ranged Weapons
  1393 | D:2      | Noticed Robin
  1406 | D:2      | Reached skill level 1 in Armour
  1406 | D:2      | 1406 ||| Stepping ~*~*~tactically~*~*~ (outnumbered).
  1407 | D:2      | Killed Robin
  1411 | D:2      | 1411 ||| FLEEEEING.
  1412 | D:2      | 1412 ||| FLEEEEING.
  1413 | D:2      | 1413 ||| FLEEEEING.
  1414 | D:2      | 1414 ||| FLEEEEING.
  1415 | D:2      | 1415 ||| FLEEEEING.
  1416 | D:2      | 1416 ||| FLEEEEING.
  1417 | D:2      | 1417 ||| FLEEEEING.
  1418 | D:2      | 1418 ||| FLEEEEING.
  1419 | D:2      | 1419 ||| FLEEEEING.
  1420 | D:2      | 1420 ||| FLEEEEING.
  1421 | D:2      | 1421 ||| FLEEEEING.
  1422 | D:2      | 1422 ||| FLEEEEING.
  1423 | D:2      | 1423 ||| FLEEEEING.
  1424 | D:2      | 1424 ||| STAIRDANCE
  1483 | D:1      | 1483 ||| UPGRADING to +0 ring mail.
  1493 | D:1      | 1493 ||| DROPPING +0 leather armour.
  1494 | D:1      | 1494 ||| READING 2 scrolls labelled NIRIZX ASCHEYFU.
  1495 | D:1      | 1495 ||| DROPPING scroll of fog.
  1638 | D:2      | Noticed Sigmund
  1666 | D:2      | Killed Sigmund
  1667 | D:2      | Reached skill level 5 in Fighting
  1667 | D:2      | Reached XP level 5. HP: 28/50 MP: 4/4
  1667 | D:2      | Reached XP level 6. HP: 32/57 MP: 5/5
  2072 | D:2      | 2072 ||| READING scroll labelled KOHIFUDURGH.
  2073 | D:2      | 2073 ||| DRINKING 3 fuming green potions.
  2145 | D:3      | 2145 ||| STAIRDANCE
  2345 | D:3      | Found a faded altar of an unknown god.
  2404 | D:3      | 2404 ||| DRINKING 2 potions of curing.
  2404 | D:3      | 2404 ||| (to cure confusion)
  2919 | D:3      | 2919 ||| UPGRADING to +0 cloak.
  2924 | D:3      | 2924 ||| UPGRADING to +5 ring of evasion.
  2925 | D:3      | 2925 ||| UPGRADING to +6 ring of strength.
  2926 | D:3      | 2926 ||| READING scroll labelled TEXIRHOTTA.
  2927 | D:3      | 2927 ||| READING 2 scrolls labelled RIXZUTUMOD.
  2928 | D:3      | 2928 ||| DROPPING scroll of noise.
  2942 | D:4      | 2942 ||| STAIRDANCE
  3110 | D:4      | Reached XP level 7. HP: 48/62 MP: 6/6
  3184 | D:4      | Found a runed translucent gate.
  3184 | D:4      | Found a runed translucent gate.
  3187 | D:4      | Found a runed translucent gate.
  3187 | D:4      | Identified the +2 hand axe of Ajerr {freeze, rElec}
  3187 | D:4      | Identified the +4 ring mail "Dysmogra" {Str+4 Dex+3}
  3188 | D:4      | Noticed qw's ghost (novice MiHu)
  3793 | D:4      | 3793 ||| READING 2 scrolls labelled YBBI OV LEVESY.
  3843 | D:4      | 3843 ||| READING 2 scrolls of identify.
  3843 | D:4      | 3843 ||| IDENTIFYING glowing puce potion
  3864 | D:5      | Entered Level 5 of the Dungeon
  4032 | D:5      | Reached skill level 3 in Dodging
  4048 | D:5      | Noticed Ijyb
  4072 | D:5      | Killed Ijyb
  4268 | D:5      | Reached skill level 9 in Ranged Weapons
  4403 | D:5      | Reached skill level 6 in Fighting
  4689 | D:5      | 4689 ||| UPGRADING to scarf of repulsion.
  4699 | D:5      | 4699 ||| UPGRADING to +1 pair of boots.
  4704 | D:5      | 4704 ||| DRINKING 2 cyan potions.
  4750 | D:6      | Reached XP level 8. HP: 52/70 MP: 7/7
  5082 | D:6      | Reached skill level 3 in Armour
  5206 | D:6      | Found a staircase to the Ecumenical Temple.
  5207 | D:6      | 5207 ||| PLANNING TEMPLE
  5216 | Temple   | Entered the Ecumenical Temple
  5607 | Temple   | 5607 ||| PLANNING D:1-11
  6184 | D:6      | 6184 ||| UPGRADING to +6 ring of dexterity.
  6186 | D:6      | 6186 ||| UPGRADING to +5 ring of evasion.
  6188 | D:6      | 6188 ||| DROPPING +6 ring of strength.
  6189 | D:6      | 6189 ||| READING scroll labelled EZAGGYF TYKK.
  6383 | D:7      | Noticed Dowan
  6384 | D:7      | Noticed Duvessa
  6399 | D:7      | HP: 17/70 [Duvessa/+2 short sword of speed (8)]
  6400 | D:7      | 6400 ||| READING 2 scrolls of teleportation.
  6401 | D:7      | HP: 7/70 [Duvessa/+2 short sword of speed (3)]
  6407 | D:7      | 6407 ||| FLEEEEING.
  6408 | D:7      | 6408 ||| FLEEEEING.
  6409 | D:7      | 6409 ||| FLEEEEING.
  6410 | D:7      | 6410 ||| FLEEEEING.
  6411 | D:7      | 6411 ||| FLEEEEING.
  6412 | D:7      | 6412 ||| STAIRDANCE
  6610 | D:7      | 6610 ||| STAIRDANCE
  6687 | D:7      | Reached skill level 7 in Fighting
  6722 | D:7      | 6722 ||| FLEEEEING.
  6723 | D:7      | 6723 ||| FLEEEEING.
  6724 | D:7      | 6724 ||| FLEEEEING.
  6725 | D:7      | 6725 ||| FLEEEEING.
  6726 | D:7      | 6726 ||| FLEEEEING.
  6727 | D:7      | 6727 ||| FLEEEEING.
  6728 | D:7      | 6728 ||| FLEEEEING.
  6729 | D:7      | 6729 ||| FLEEEEING.
  6730 | D:7      | 6730 ||| FLEEEEING.
  6731 | D:7      | 6731 ||| FLEEEEING.
  6732 | D:7      | 6732 ||| FLEEEEING.
  6733 | D:7      | 6733 ||| FLEEEEING.
  6734 | D:7      | 6734 ||| FLEEEEING.
  6737 | D:7      | 6737 ||| FLEEEEING.
  6752 | D:7      | Killed Duvessa
  6753 | D:7      | HP: 3/73 [ogre/+0 giant spiked club (21)]
  6754 | D:7      | 6754 ||| DRINKING 3 potions of curing.
  6754 | D:7      | 6754 ||| (to cure confusion)
  6755 | D:7      | 6755 ||| READING scroll of teleportation.
  6812 | D:7      | Killed Dowan
  7193 | D:7      | Identified the +1 scale mail of the Lily {-Cast rF+ SInv}
  7264 | D:7      | Found an iron altar of Okawaru.
  7265 | D:7      | 7265 ||| PLANNING OKAWARU WORSHIP
  7265 | D:7      | 7265 ||| READING scroll labelled BEMMUE SILOI.
  7274 | D:7      | Became a worshipper of Warmaster Okawaru
  7274 | D:7      | 7274 ||| PLANNING D:1-11
  7338 | D:7      | Reached XP level 9. HP: 73/79 MP: 8/8
  7533 | D:7      | 7533 ||| UPGRADING to +0 robe of willpower.
  7647 | D:8      | Reached skill level 6 in Dodging
  7665 | D:8      | 7665 ||| FLEEEEING.
  7666 | D:8      | 7666 ||| FLEEEEING.
  7667 | D:8      | 7667 ||| FLEEEEING.
  7670 | D:8      | 7670 ||| FLEEEEING.
  7671 | D:8      | 7671 ||| FLEEEEING.
  7838 | D:8      | Found a flagged portal.
  8000 | D:8      | 8000 ||| FLEEEEING.
  8001 | D:8      | 8001 ||| FLEEEEING.
  8002 | D:8      | 8002 ||| FLEEEEING.
  8003 | D:8      | 8003 ||| FLEEEEING.
  8004 | D:8      | 8004 ||| FLEEEEING.
  8005 | D:8      | 8005 ||| FLEEEEING.
  8006 | D:8      | 8006 ||| FLEEEEING.
  8007 | D:8      | 8007 ||| FLEEEEING.
  8008 | D:8      | 8008 ||| FLEEEEING.
  8009 | D:8      | 8009 ||| FLEEEEING.
  8010 | D:8      | 8010 ||| FLEEEEING.
  8011 | D:8      | 8011 ||| FLEEEEING.
  8012 | D:8      | 8012 ||| FLEEEEING.
  8013 | D:8      | 8013 ||| FLEEEEING.
  8014 | D:8      | 8014 ||| FLEEEEING.
  8015 | D:8      | 8015 ||| FLEEEEING.
  8016 | D:8      | 8016 ||| FLEEEEING.
  8017 | D:8      | 8017 ||| FLEEEEING.
  8018 | D:8      | 8018 ||| FLEEEEING.
  8019 | D:8      | 8019 ||| FLEEEEING.
  8020 | D:8      | 8020 ||| FLEEEEING.
  8021 | D:8      | 8021 ||| FLEEEEING.
  8038 | D:8      | Reached * piety under Okawaru
  8049 | D:8      | Reached skill level 1 in Invocations
  8063 | D:8      | 8063 ||| SWAPPING to +0 orcbow.
  8065 | D:8      | 8065 ||| INVOKING Heroism.
  8066 | D:8      | 8066 ||| INVOKING Heroism.
  8073 | D:8      | 8073 ||| Stepping ~*~*~tactically~*~*~ (outnumbered).
  8079 | D:8      | 8079 ||| DROPPING +0 shortbow.
  8086 | D:8      | Noticed a troll
  8087 | D:8      | 8087 ||| INVOKING Heroism.
  8095 | D:8      | Killed a troll
  8139 | D:8      | Reached skill level 3 in Invocations
  8150 | D:8      | Noticed a gargoyle
  8151 | D:8      | 8151 ||| Stepping ~*~*~tactically~*~*~ (outnumbered).
  8155 | D:8      | 8155 ||| Stepping ~*~*~tactically~*~*~ (outnumbered).
  8165 | D:8      | 8165 ||| INVOKING Heroism.
  8169 | D:8      | Killed a gargoyle
  8170 | D:8      | Reached skill level 12 in Ranged Weapons
  8277 | D:8      | 8277 ||| INVOKING Heroism.
  8278 | D:8      | 8278 ||| Stepping ~*~*~tactically~*~*~ (cloud).
  8289 | D:8      | Reached XP level 10. HP: 86/86 MP: 10/12
  8310 | D:8      | 8310 ||| INVOKING Heroism.
  8329 | D:8      | 8329 ||| Stepping ~*~*~tactically~*~*~ (cloud).
  8330 | D:8      | 8330 ||| Stepping ~*~*~tactically~*~*~ (cloud).
  8333 | D:8      | Reached skill level 8 in Fighting
  8342 | D:8      | 8342 ||| INVOKING Heroism.
  8363 | D:8      | 8363 ||| Stepping ~*~*~tactically~*~*~ (outnumbered).
  8383 | D:8      | 8383 ||| DROPPING +0 ring mail.
  8384 | D:8      | 8384 ||| Stepping randomly (disturbance).
  8385 | D:8      | 8385 ||| UPGRADING to +3 leather armour.
  8422 | D:8      | HP: 22/88 [something (5)]
  8428 | D:8      | HP: 14/88 [something (6)]
  8653 | D:8      | 8653 ||| UPGRADING to +3 leather armour.
  8663 | D:8      | 8663 ||| DROPPING +0 robe of willpower.
  9014 | D:8      | Found Eqiecro's General Store.
  9019 | D:8      | 9019 ||| BUYING 2 potions of curing (60 gold).
  9019 | D:8      | Bought 2 potions of curing for 60 gold pieces
  9019 | D:8      | 9019 ||| BUYING potion of cancellation (80 gold).
  9019 | D:8      | Bought a potion of cancellation for 80 gold pieces
  9019 | D:8      | 9019 ||| BUYING potion of curing (30 gold).
  9019 | D:8      | Bought a potion of curing for 30 gold pieces
  9019 | D:8      | 9019 ||| BUYING potion of haste (100 gold).
  9019 | D:8      | Bought a potion of haste for 100 gold pieces
  9221 | D:8      | 9221 ||| READING scroll labelled UJUDALOUCU.
  9322 | D:8      | 9322 ||| DRINKING 2 viscous ruby potions.
  9347 | D:8      | 9347 ||| READING 4 scrolls of identify.
  9347 | D:8      | 9347 ||| IDENTIFYING glowing clear potion
  9348 | D:8      | 9348 ||| DROPPING potion of lignification.
  9349 | D:8      | 9349 ||| DROPPING potion of ambrosia.
  9406 | D:9      | 9406 ||| DRINKING 7 potions of curing.
  9406 | D:9      | 9406 ||| (to cure confusion)
  9407 | D:9      | 9407 ||| INVOKING Heroism.
  9523 | D:9      | Reached ** piety under Okawaru
  9532 | D:9      | Reached skill level 9 in Fighting
  9536 | D:9      | 9536 ||| FLEEEEING.
  9567 | D:9      | 9567 ||| INVOKING Heroism.
  9639 | D:9      | Found a staircase to the Orcish Mines.
  9691 | D:9      | Identified the +1 leather armour of Fyvum {+Blink rC+++
                  | Regen+ Str-4}
  9696 | D:9      | Noticed Grum
  9697 | D:9      | 9697 ||| INVOKING Heroism.
  9718 | D:9      | Killed Grum
  9764 | D:9      | 9764 ||| INVOKING Heroism.
  9799 | D:9      | 9799 ||| INVOKING Heroism.
 10024 | D:9      | 10024 ||| Stepping ~*~*~tactically~*~*~ (outnumbered).
 10026 | D:9      | 10026 ||| Stepping ~*~*~tactically~*~*~ (outnumbered).
 10028 | D:9      | 10028 ||| Stepping ~*~*~tactically~*~*~ (outnumbered).
 10030 | D:9      | 10030 ||| Stepping ~*~*~tactically~*~*~ (outnumbered).
 10170 | D:9      | Found Menlong's General Store.
 10181 | D:9      | 10181 ||| SHOPLISTING +2 pair of gloves of stealth (236
                  | gold, have 174).
 10181 | D:9      | 10181 ||| BUYING potion of haste (110 gold).
 10181 | D:9      | Bought a potion of haste for 110 gold pieces
 10181 | D:9      | 10181 ||| BUYING potion of might (44 gold).
 10181 | D:9      | Bought a potion of might for 44 gold pieces
 10181 | D:9      | 10181 ||| SHOPLISTING scroll of identify (22 gold, have
                  | 20).
 10181 | D:9      | 10181 ||| SHOPLISTING scroll of teleportation (33 gold,
                  | have 20).
 10199 | D:9      | Reached XP level 11. HP: 84/97 MP: 13/13
 10711 | D:9      | 10711 ||| UPGRADING to +1 leather armour of Fyvum {+Blink
                  | rC+++ Regen+ Str-4}.
 10721 | D:9      | 10721 ||| DROPPING +3 leather armour.
 10722 | D:9      | 10722 ||| READING scroll labelled DOICHODWEF.
 10723 | D:9      | 10723 ||| READING 3 scrolls of identify.
 10723 | D:9      | 10723 ||| IDENTIFYING blue potion
 10734 | D:10     | Entered Level 10 of the Dungeon
 10860 | D:10     | Found a staircase to the Lair.
 10865 | D:10     | Reached *** piety under Okawaru
 10880 | D:10     | Reached skill level 10 in Fighting
 10884 | D:10     | 10884 ||| DRINKING 2 potions of cancellation.
 10889 | D:10     | 10889 ||| DRINKING potion of cancellation.
 10949 | D:10     | Noticed Erolcha
 10952 | D:10     | 10952 ||| INVOKING Heroism.
 10956 | D:10     | Killed Erolcha
 11058 | D:10     | 11058 ||| READING 2 scrolls of identify.
 11058 | D:10     | 11058 ||| IDENTIFYING inky potion
 11157 | D:10     | 11157 ||| INVOKING Heroism.
 11158 | D:10     | 11158 ||| Stepping ~*~*~tactically~*~*~ (outnumbered).
 11161 | D:10     | 11161 ||| Stepping ~*~*~tactically~*~*~ (outnumbered).
 11163 | D:10     | 11163 ||| Stepping ~*~*~tactically~*~*~ (outnumbered).
 11164 | D:10     | 11164 ||| Stepping ~*~*~tactically~*~*~ (outnumbered).
 11187 | D:10     | 11187 ||| INVOKING Heroism.
 11189 | D:10     | Reached skill level 15 in Ranged Weapons
 11436 | D:10     | Noticed Psyche
 11437 | D:10     | 11437 ||| INVOKING Heroism.
 11447 | D:10     | Killed Psyche
 11448 | D:10     | Reached skill level 9 in Dodging
 11483 | D:10     | Reached **** piety under Okawaru
 11492 | D:10     | 11492 ||| INVOKING Heroism.
 11547 | D:10     | Noticed Amaemon
 11548 | D:10     | 11548 ||| INVOKING Heroism.
 11560 | D:10     | Killed Amaemon
 11748 | D:10     | Found a burning altar of Makhleb.
 12143 | D:10     | 12143 ||| PLANNING LAIR
 12143 | D:10     | 12143 ||| READING scroll labelled KOEDDE XOTZUUN.
 12144 | D:10     | 12144 ||| DRINKING 2 fuming inky potions.
 12248 | D:10     | 12248 ||| DROPPING potion of berserk rage.
 12313 | Lair:1   | Entered Level 1 of the Lair of Beasts
 12313 | Lair:1   | You fall into a shaft and drop 1 floor!
 12378 | Lair:1   | 12378 ||| INVOKING Heroism.
 12456 | Lair:1   | 12456 ||| INVOKING Heroism.
 12507 | Lair:1   | Noticed a boulder beetle
 12508 | Lair:1   | 12508 ||| INVOKING Heroism.
 12529 | Lair:1   | Killed a boulder beetle
 12547 | Lair:1   | 12547 ||| INVOKING Heroism.
 12549 | Lair:1   | 12549 ||| Stepping ~*~*~tactically~*~*~ (outnumbered).
 12564 | Lair:1   | 12564 ||| INVOKING Heroism.
 12565 | Lair:1   | 12565 ||| Stepping ~*~*~tactically~*~*~ (outnumbered).
 12582 | Lair:1   | 12582 ||| Stepping ~*~*~tactically~*~*~ (outnumbered).
 12605 | Lair:1   | 12605 ||| Stepping ~*~*~tactically~*~*~ (outnumbered).
 12639 | Lair:1   | Reached skill level 11 in Fighting
 12639 | Lair:1   | Reached XP level 12. HP: 110/110 MP: 14/14
 12767 | Lair:1   | 12767 ||| INVOKING Heroism.
 12795 | Lair:1   | Reached skill level 6 in Invocations
 12961 | Lair:1   | Noticed a seven-headed hydra
 12963 | Lair:1   | Noticed qw's ghost (journeyman MiHu)
 12969 | Lair:1   | Found a transporter.
 13103 | Lair:1   | Found a transporter.
 13294 | Lair:1   | 13294 ||| DRINKING potion of cancellation.
 13354 | Lair:1   | 13354 ||| INVOKING Heroism.
 13625 | Lair:2   | 13625 ||| INVOKING Heroism.
 13854 | Lair:2   | Noticed a death yak
 13855 | Lair:2   | 13855 ||| INVOKING Heroism.
 13855 | Lair:2   | Noticed a death yak
 13856 | Lair:2   | Noticed a death yak
 13860 | Lair:2   | Noticed a death yak
 13864 | Lair:2   | Killed a death yak
 13870 | Lair:2   | Noticed a death yak
 13874 | Lair:2   | Killed a death yak
 13881 | Lair:2   | Killed a death yak
 13882 | Lair:2   | HP: 21/112 [death yak (8)]
 13883 | Lair:2   | 13883 ||| READING 2 scrolls of teleportation.
 13884 | Lair:2   | 13884 ||| DRINKING 3 potions of heal wounds.
 14026 | Lair:2   | Reached ***** piety under Okawaru
 14027 | Lair:2   | Reached skill level 12 in Fighting
 14062 | Lair:2   | Found a staircase to the Swamp.
 14146 | Lair:2   | 14146 ||| INVOKING Heroism.
 14151 | Lair:2   | Killed a death yak
 14152 | Lair:2   | 14152 ||| INVOKING Finesse.
 14163 | Lair:2   | Killed a death yak
 14260 | Lair:2   | Noticed a six-headed hydra
 14261 | Lair:2   | 14261 ||| INVOKING Heroism.
 14267 | Lair:2   | Killed a six-headed hydra
 14426 | Lair:2   | 14426 ||| READING scroll labelled MIC AP LIPNO.
 14427 | Lair:2   | 14427 ||| READING scroll labelled IMIVATEGAY.
 14459 | Lair:3   | 14459 ||| STAIRDANCE
 14463 | Lair:2   | 14463 ||| INVOKING Heroism.
 14513 | Lair:3   | 14513 ||| STAIRDANCE
 14675 | Lair:3   | 14675 ||| INVOKING Heroism.
 14700 | Lair:3   | Reached skill level 9 in Invocations
 14819 | Lair:3   | Found a staircase to the Snake Pit.
 14824 | Lair:3   | Reached XP level 13. HP: 118/118 MP: 18/18
 14938 | Lair:3   | 14938 ||| FLEEEEING.
 14940 | Lair:3   | 14940 ||| FLEEEEING.
 14941 | Lair:3   | 14941 ||| FLEEEEING.
 14963 | Lair:3   | 14963 ||| READING scroll of enchant armour.
 14963 | Lair:3   | 14963 ||| ENCHANTING +1 pair of gloves.
 15008 | Lair:3   | 15008 ||| INVOKING Heroism.
 15009 | Lair:3   | 15009 ||| INVOKING Finesse.
 15167 | Lair:3   | 15167 ||| INVOKING Heroism.
 15186 | Lair:3   | 15186 ||| DROPPING ring of magical power.
 15234 | Lair:3   | 15234 ||| INVOKING Heroism.
 15362 | Lair:3   | 15362 ||| UPGRADING to amulet of regeneration.
 15367 | Lair:3   | 15367 ||| DROPPING ring of positive energy.
 15368 | Lair:3   | 15368 ||| READING 7 scrolls of identify.
 15368 | Lair:3   | 15368 ||| IDENTIFYING fuming brown potion
 15399 | Lair:4   | Reached skill level 13 in Fighting
 15473 | Lair:4   | Found a blossoming altar of Fedhas.
 15489 | Lair:4   | 15489 ||| INVOKING Heroism.
 15591 | Lair:4   | 15591 ||| INVOKING Heroism.
 15632 | Lair:4   | 15632 ||| INVOKING Heroism.
 15690 | Lair:4   | Reached skill level 12 in Dodging
 15938 | Lair:5   | Entered Level 5 of the Lair of Beasts
 15939 | Lair:5   | 15939 ||| INVOKING Heroism.
 16013 | Lair:5   | 16013 ||| INVOKING Heroism.
 16079 | Lair:5   | Identified the +4 plate armour of the Abyss {Fly rN+ Int-3}
                  | (Okawaru gifted it to you on level 5 of the Lair of Beasts)
 16079 | Lair:5   | Received a gift from Okawaru
 16100 | Lair:5   | Found a runed translucent door.
 16100 | Lair:5   | Found a viscous altar of Jiyva.
 16101 | Lair:5   | Found a staircase to the Slime Pits.
 16129 | Lair:5   | Reached skill level 14 in Fighting
 16203 | Lair:5   | 16203 ||| INVOKING Heroism.
 16312 | Lair:5   | 16312 ||| INVOKING Heroism.
 16370 | Lair:5   | 16370 ||| INVOKING Heroism.
 16446 | Lair:5   | 16446 ||| INVOKING Heroism.
 16459 | Lair:5   | 16459 ||| Stepping ~*~*~tactically~*~*~ (outnumbered).
 16534 | Lair:5   | 16534 ||| INVOKING Heroism.
 16540 | Lair:5   | Reached skill level 15 in Fighting
 16540 | Lair:5   | Reached XP level 14. HP: 124/135 MP: 17/20
 16598 | Lair:5   | Reached skill level 6 in Armour
 16725 | Lair:5   | Found a corrupted altar of Lugonu.
 16725 | Lair:5   | Found a one-way gate to the infinite horrors of the Abyss.
 16967 | Lair:5   | 16967 ||| INVOKING Heroism.
 16968 | Lair:5   | 16968 ||| INVOKING Finesse.
 17021 | Lair:5   | Found the +3 pair of seven-league boots {Rampage+∞}
 17222 | Lair:5   | 17222 ||| PLANNING D:1-11
 17222 | Lair:5   | 17222 ||| UPGRADING to +3 pair of seven-league boots
                  | {Rampage+∞}.
 17232 | Lair:5   | 17232 ||| DROPPING +1 pair of boots.
 17233 | Lair:5   | 17233 ||| DROPPING ring of protection from cold.
 17234 | Lair:5   | 17234 ||| DROPPING ring of resist corrosion.
 17235 | Lair:5   | 17235 ||| READING 8 scrolls of identify.
 17235 | Lair:5   | 17235 ||| IDENTIFYING fuming amethyst potion
 17236 | Lair:5   | 17236 ||| READING 7 scrolls of identify.
 17236 | Lair:5   | 17236 ||| IDENTIFYING smoky white potion
 17237 | Lair:5   | 17237 ||| READING 6 scrolls of identify.
 17237 | Lair:5   | 17237 ||| IDENTIFYING silvery potion
 17238 | Lair:5   | 17238 ||| DROPPING potion of brilliance.
 17239 | Lair:5   | 17239 ||| DROPPING potion of degeneration.
 17240 | Lair:5   | 17240 ||| DROPPING potion of enlightenment.
 17415 | D:11     | Noticed Urug
 17416 | D:11     | 17416 ||| INVOKING Heroism.
 17417 | D:11     | 17417 ||| INVOKING Finesse.
 17427 | D:11     | Killed Urug
 17685 | D:11     | Noticed Gastronok
 17698 | D:11     | 17698 ||| FLEEEEING.
 17719 | D:11     | Killed Gastronok
 17750 | D:11     | Reached skill level 16 in Fighting
 17792 | D:11     | Noticed Harold
 17798 | D:11     | Killed Harold
 17831 | D:11     | 17831 ||| FLEEEEING.
 17832 | D:11     | 17832 ||| FLEEEEING.
 17833 | D:11     | 17833 ||| FLEEEEING.
 17834 | D:11     | 17834 ||| FLEEEEING.
 17837 | D:11     | 17837 ||| FLEEEEING.
 17838 | D:11     | 17838 ||| FLEEEEING.
 17839 | D:11     | 17839 ||| FLEEEEING.
 17840 | D:11     | 17840 ||| FLEEEEING.
 17841 | D:11     | 17841 ||| FLEEEEING.
 17842 | D:11     | 17842 ||| FLEEEEING.
 17843 | D:11     | 17843 ||| FLEEEEING.
 17845 | D:11     | 17845 ||| FLEEEEING.
 17846 | D:11     | 17846 ||| FLEEEEING.
 17847 | D:11     | 17847 ||| STAIRDANCE
 17949 | D:10     | 17949 ||| UPGRADING to +0 hat of see invisible.
 17954 | D:10     | 17954 ||| DROPPING ring of ice.
 18018 | D:11     | 18018 ||| Stepping ~*~*~tactically~*~*~ (outnumbered).
 18042 | D:11     | Noticed a stone giant
 18043 | D:11     | 18043 ||| INVOKING Heroism.
 18053 | D:11     | Killed a stone giant
 18227 | D:11     | 18227 ||| PLANNING D
 18387 | D:12     | 18387 ||| INVOKING Heroism.
 18388 | D:12     | 18388 ||| INVOKING Finesse.
 18823 | D:12     | Received a gift from Okawaru
 19323 | D:13     | Reached skill level 15 in Dodging
 19379 | D:13     | 19379 ||| READING scroll of enchant armour.
 19379 | D:13     | 19379 ||| ENCHANTING +0 hat of see invisible.
 19392 | D:13     | 19392 ||| INVOKING Heroism.
 19431 | D:13     | Found a runed translucent gate.
 19447 | D:13     | 19447 ||| INVOKING Heroism.
 19448 | D:13     | 19448 ||| INVOKING Finesse.
 19547 | D:13     | 19547 ||| READING scroll of enchant weapon.
 19547 | D:13     | 19547 ||| ENCHANTING +1 orcbow.
 19613 | D:13     | Found a runed translucent gate.
 19617 | D:13     | Found a runed translucent gate.
 19617 | D:13     | Noticed qdestroyer's ghost (journeyman MiFi)
 19736 | D:13     | 19736 ||| DROPPING +4 ring of protection.
 19737 | D:13     | 19737 ||| READING scroll labelled DUDAOT JOALUM.
 19738 | D:13     | 19738 ||| READING 8 scrolls of identify.
 19738 | D:13     | 19738 ||| IDENTIFYING dark potion
 19739 | D:13     | 19739 ||| READING 7 scrolls of identify.
 19739 | D:13     | 19739 ||| IDENTIFYING bubbling blue potion
 19740 | D:13     | 19740 ||| DROPPING potion of invisibility.
 19741 | D:13     | 19741 ||| DROPPING potion of attraction.
 19758 | D:14     | Noticed Nessos
 19758 | D:14     | Noticed Lodul
 19758 | D:14     | Found a gate to the Vaults.
 19759 | D:14     | 19759 ||| INVOKING Heroism.
 19760 | D:14     | 19760 ||| INVOKING Finesse.
 19783 | D:14     | Killed Lodul
 19799 | D:14     | Reached skill level 17 in Fighting
 19825 | Abyss:2  | Cast into level 2 of the Abyss (a wizard)
 19828 | D:14     | Escaped the Abyss
 19836 | D:14     | 19836 ||| INVOKING Finesse.
 19841 | D:14     | Killed Nessos
 19901 | D:14     | 19901 ||| SWAPPING to +1 longbow of flaming.
 19902 | D:14     | 19902 ||| DROPPING +2 orcbow of flaming.
 20008 | D:14     | 20008 ||| INVOKING Heroism.
 20014 | D:14     | Received a gift from Okawaru
 20038 | D:14     | Reached XP level 15. HP: 147/147 MP: 21/21
 20072 | D:14     | 20072 ||| INVOKING Heroism.
 20089 | D:14     | 20089 ||| READING scroll of enchant weapon.
 20089 | D:14     | 20089 ||| ENCHANTING +1 longbow of flaming.
 20166 | D:14     | 20166 ||| SWAPPING to +2 heavy longbow.
 20396 | D:14     | 20396 ||| DRINKING 10 potions of curing.
 20396 | D:14     | 20396 ||| (to cure confusion)
 20397 | D:14     | 20397 ||| INVOKING Heroism.
 20398 | D:14     | 20398 ||| INVOKING Finesse.
 20416 | D:14     | 20416 ||| SWAPPING to +2 longbow of flaming.
 20420 | D:14     | 20420 ||| SWAPPING to +2 heavy longbow.
 20424 | D:14     | 20424 ||| INVOKING Heroism.
 20627 | D:14     | 20627 ||| DROPPING +1 hat.
 20647 | D:15     | Entered Level 15 of the Dungeon
 20705 | D:15     | 20705 ||| INVOKING Heroism.
 20714 | D:15     | 20714 ||| Stepping ~*~*~tactically~*~*~ (outnumbered).
 20739 | D:15     | Found a staircase to the Depths.
 20744 | D:15     | 20744 ||| Stepping ~*~*~tactically~*~*~ (outnumbered).
 20752 | D:15     | 20752 ||| Stepping ~*~*~tactically~*~*~ (outnumbered).
 20754 | D:15     | 20754 ||| Stepping ~*~*~tactically~*~*~ (outnumbered).
 20758 | D:15     | 20758 ||| Stepping ~*~*~tactically~*~*~ (outnumbered).
 20761 | D:15     | 20761 ||| INVOKING Heroism.
 20764 | D:15     | Reached skill level 18 in Ranged Weapons
 20946 | D:15     | 20946 ||| INVOKING Heroism.
 20959 | D:15     | Identified the +0 kite shield of Toytus {rPois} (Okawaru
                  | gifted it to you on level 15 of the Dungeon)
 20959 | D:15     | Received a gift from Okawaru
 21182 | D:15     | Identified the +1 leather armour of Terror {+Blink Str+4
                  | Int-3}
 21375 | D:15     | 21375 ||| PLANNING ORC
 21375 | D:15     | 21375 ||| DROPPING +5 robe of Misfortune {Harm *Corrode
                  | *Slow EV+5}.
 21376 | D:15     | 21376 ||| DROPPING +2 ring mail of cold resistance.
 21377 | D:15     | 21377 ||| DROPPING +1 leather armour of Terror {+Blink
                  | Str+4 Int-3}.
 21378 | D:15     | 21378 ||| DROPPING amulet of magic regeneration.
 21520 | Orc:1    | Entered Level 1 of the Orcish Mines
 21520 | Orc:1    | Noticed Sonja
 21521 | Orc:1    | 21521 ||| INVOKING Finesse.
 21522 | Orc:1    | Killed Sonja
 21556 | Orc:1    | Found Vinwy's Book Emporium.
 21601 | Orc:1    | Found a transporter.
 21610 | Orc:1    | Noticed sand's ghost (journeyman HOFi)
 21644 | Orc:1    | Found a transporter.
 21828 | Orc:1    | Found Fiuguash's Armour Emporium.
 21863 | Orc:1    | 21863 ||| BUYING +6 leather armour "Jusunaf" {rC+ Dex+3}
                  | (732 gold).
 21863 | Orc:1    | Bought the +6 leather armour "Jusunaf" {rC+ Dex+3} for 732
                  | gold pieces
 22031 | Orc:1    | 22031 ||| UPGRADING to +6 leather armour "Jusunaf" {rC+
                  | Dex+3}.
 22041 | Orc:1    | 22041 ||| DROPPING +1 leather armour of Fyvum {+Blink rC+++
                  | Regen+ Str-4}.
 22042 | Orc:1    | 22042 ||| DROPPING +0 troll leather armour.
 22056 | Orc:2    | Entered Level 2 of the Orcish Mines
 22081 | Orc:1    | Found Soenousu's Magic Scroll Emporium.
 22091 | Orc:1    | 22091 ||| BUYING scroll of enchant weapon (105 gold).
 22091 | Orc:1    | Bought a scroll of enchant weapon for 105 gold pieces
 22091 | Orc:1    | 22091 ||| BUYING scroll of identify (28 gold).
 22091 | Orc:1    | Bought a scroll of identify for 28 gold pieces
 22091 | Orc:1    | 22091 ||| BUYING scroll of identify (28 gold).
 22091 | Orc:1    | Bought a scroll of identify for 28 gold pieces
 22091 | Orc:1    | 22091 ||| BUYING scroll of teleportation (42 gold).
 22091 | Orc:1    | Bought a scroll of teleportation for 42 gold pieces
 22091 | Orc:1    | 22091 ||| BUYING scroll of teleportation (42 gold).
 22091 | Orc:1    | Bought a scroll of teleportation for 42 gold pieces
 22091 | Orc:1    | 22091 ||| BUYING scroll of teleportation (42 gold).
 22091 | Orc:1    | Bought a scroll of teleportation for 42 gold pieces
 22091 | Orc:1    | 22091 ||| BUYING scroll of teleportation (42 gold).
 22091 | Orc:1    | Bought a scroll of teleportation for 42 gold pieces
 22091 | Orc:1    | 22091 ||| READING scroll of enchant weapon.
 22091 | Orc:1    | 22091 ||| ENCHANTING +2 heavy longbow.
 22106 | Orc:1    | Found Canahim's Antique Armour Shop.
 22109 | Orc:1    | Found Qizimaedwu's Distillery.
 22119 | Orc:1    | 22119 ||| BUYING potion of curing (39 gold).
 22119 | Orc:1    | Bought a potion of curing for 39 gold pieces
 22119 | Orc:1    | 22119 ||| BUYING potion of resistance (130 gold).
 22119 | Orc:1    | Bought a potion of resistance for 130 gold pieces
 22214 | Orc:2    | 22214 ||| FLEEEEING.
 22215 | Orc:2    | 22215 ||| FLEEEEING.
 22216 | Orc:2    | 22216 ||| FLEEEEING.
 22217 | Orc:2    | 22217 ||| FLEEEEING.
 22218 | Orc:2    | 22218 ||| FLEEEEING.
 22220 | Orc:2    | 22220 ||| FLEEEEING.
 22221 | Orc:2    | 22221 ||| FLEEEEING.
 22222 | Orc:2    | 22222 ||| FLEEEEING.
 22223 | Orc:2    | 22223 ||| FLEEEEING.
 22224 | Orc:2    | 22224 ||| FLEEEEING.
 22226 | Orc:2    | 22226 ||| FLEEEEING.
 22227 | Orc:2    | 22227 ||| FLEEEEING.
 22228 | Orc:2    | 22228 ||| STAIRDANCE
 22349 | Orc:2    | 22349 ||| Stepping ~*~*~tactically~*~*~ (outnumbered).
 22349 | Orc:2    | Found Riddudgh's Antique Weapon Shoppe.
 22350 | Orc:2    | 22350 ||| Stepping ~*~*~tactically~*~*~ (outnumbered).
 22351 | Orc:2    | 22351 ||| Stepping ~*~*~tactically~*~*~ (outnumbered).
 22351 | Orc:2    | Found Viomeashruva's Antique Armour Shop.
 22357 | Orc:2    | Noticed Saint Roka
 22358 | Orc:2    | 22358 ||| INVOKING Heroism.
 22359 | Orc:2    | 22359 ||| INVOKING Finesse.
 22374 | Orc:2    | Killed Saint Roka
 22381 | Orc:2    | HP: 34/147 [orc warrior/+0 trident (9)]
 22382 | Orc:2    | 22382 ||| READING 12 scrolls of teleportation.
 22383 | Orc:2    | 22383 ||| DRINKING 5 potions of heal wounds.
 22389 | Orc:2    | Found Owoaclir's Distillery.
 22424 | Orc:2    | 22424 ||| INVOKING Heroism.
 22504 | Orc:2    | Found a staircase to the Elven Halls.
 22506 | Orc:2    | 22506 ||| BUYING potion of curing (54 gold).
 22506 | Orc:2    | Bought a potion of curing for 54 gold pieces
 22506 | Orc:2    | 22506 ||| BUYING potion of curing (54 gold).
 22506 | Orc:2    | Bought a potion of curing for 54 gold pieces
 22506 | Orc:2    | 22506 ||| BUYING potion of curing (54 gold).
 22506 | Orc:2    | Bought a potion of curing for 54 gold pieces
 22506 | Orc:2    | 22506 ||| BUYING potion of haste (180 gold).
 22506 | Orc:2    | Bought a potion of haste for 180 gold pieces
 22506 | Orc:2    | 22506 ||| SHOPLISTING potion of mutation (144 gold, have
                  | 86).
 22506 | Orc:2    | 22506 ||| SHOPLISTING potion of resistance (180 gold, have
                  | 86).
 22573 | Orc:2    | 22573 ||| INVOKING Heroism.
 22607 | Orc:2    | Found Mav Gaq's Magic Scroll Emporium.
 22607 | Orc:2    | Found Kavvut's Weapon Shop.
 22613 | Orc:2    | 22613 ||| BUYING scroll of identify (26 gold).
 22613 | Orc:2    | Bought a scroll of identify for 26 gold pieces
 22613 | Orc:2    | 22613 ||| BUYING scroll of teleportation (39 gold).
 22613 | Orc:2    | Bought a scroll of teleportation for 39 gold pieces
 22613 | Orc:2    | 22613 ||| BUYING scroll of teleportation (39 gold).
 22613 | Orc:2    | Bought a scroll of teleportation for 39 gold pieces
 22645 | Orc:2    | 22645 ||| INVOKING Heroism.
 22686 | Orc:2    | 22686 ||| INVOKING Heroism.
 22688 | Orc:2    | 22688 ||| Stepping ~*~*~tactically~*~*~ (outnumbered).
 22739 | Orc:2    | 22739 ||| SHOPLISTING embroidered cloak (195 gold, have
                  | 177).
 22747 | Orc:2    | 22747 ||| INVOKING Heroism.
 22774 | Orc:2    | Found Nuro Deo's Distillery.
 22787 | Orc:2    | 22787 ||| BUYING potion of curing (39 gold).
 22787 | Orc:2    | Bought a potion of curing for 39 gold pieces
 22787 | Orc:2    | 22787 ||| BUYING potion of might (52 gold).
 22787 | Orc:2    | Bought a potion of might for 52 gold pieces
 22787 | Orc:2    | 22787 ||| BUYING potion of might (52 gold).
 22787 | Orc:2    | Bought a potion of might for 52 gold pieces
 22924 | Orc:2    | Noticed Maurice
 22929 | Orc:2    | Killed Maurice
 22937 | Orc:2    | 22937 ||| INVOKING Heroism.
 22942 | Orc:2    | Reached XP level 16. HP: 155/155 MP: 20/22
 22952 | Orc:2    | Found Lurois's Magic Scroll Emporium.
 22952 | Orc:2    | Found Keogu's Jewellery Shop.
 22961 | Orc:2    | 22961 ||| BUYING scroll of enchant armour (112 gold).
 22961 | Orc:2    | Bought a scroll of enchant armour for 112 gold pieces
 22961 | Orc:2    | 22961 ||| SHOPLISTING scroll of enchant weapon (112 gold,
                  | have 51).
 22961 | Orc:2    | 22961 ||| BUYING scroll of teleportation (45 gold).
 22961 | Orc:2    | Bought a scroll of teleportation for 45 gold pieces
 22961 | Orc:2    | 22961 ||| READING scroll of enchant armour.
 22961 | Orc:2    | 22961 ||| ENCHANTING +1 hat of see invisible.
 22971 | Orc:2    | 22971 ||| SHOPLISTING ring "Nompu" {rF+ EV+5 Dex+4} (817
                  | gold, have 6).
 23224 | Orc:2    | 23224 ||| PLANNING SNAKE:1-3
 23382 | Snake:1  | Entered Level 1 of the Snake Pit
 23390 | Snake:1  | 23390 ||| Stepping ~*~*~tactically~*~*~ (outnumbered).
 23392 | Snake:1  | 23392 ||| Stepping ~*~*~tactically~*~*~ (outnumbered).
 23407 | Snake:1  | Found a frozen archway.
 23408 | Snake:1  | 23408 ||| INVOKING Heroism.
 23549 | Snake:1  | 23549 ||| INVOKING Heroism.
 23690 | Snake:1  | 23690 ||| FLEEEEING.
 23691 | Snake:1  | 23691 ||| FLEEEEING.
 23699 | Snake:1  | 23699 ||| INVOKING Heroism.
 23723 | Snake:1  | 23723 ||| Stepping ~*~*~tactically~*~*~ (outnumbered).
 23733 | Snake:1  | 23733 ||| INVOKING Heroism.
 23816 | Snake:1  | 23816 ||| INVOKING Heroism.
 23821 | Snake:1  | 23821 ||| Stepping ~*~*~tactically~*~*~ (outnumbered).
 23822 | Snake:1  | 23822 ||| Stepping ~*~*~tactically~*~*~ (outnumbered).
 23823 | Snake:1  | 23823 ||| Stepping ~*~*~tactically~*~*~ (outnumbered).
 24327 | Snake:2  | Found Xujit's Weapon Emporium.
 24327 | Snake:2  | Found Erriget's Antique Armour Boutique.
 24345 | Snake:2  | 24345 ||| SHOPLISTING pair of runed gloves (157 gold, have
                  | 112).
 24354 | Snake:2  | 24354 ||| INVOKING Heroism.
 24389 | Snake:2  | Reached skill level 18 in Fighting
 24418 | Snake:2  | 24418 ||| FLEEEEING.
 24419 | Snake:2  | 24419 ||| FLEEEEING.
 24420 | Snake:2  | 24420 ||| FLEEEEING.
 24421 | Snake:2  | 24421 ||| FLEEEEING.
 24424 | Snake:2  | 24424 ||| STAIRDANCE
 24601 | Snake:2  | 24601 ||| INVOKING Heroism.
 24649 | Snake:2  | 24649 ||| Stepping ~*~*~tactically~*~*~ (outnumbered).
 24651 | Snake:2  | 24651 ||| Stepping ~*~*~tactically~*~*~ (outnumbered).
 24653 | Snake:2  | 24653 ||| Stepping ~*~*~tactically~*~*~ (outnumbered).
 24655 | Snake:2  | 24655 ||| Stepping ~*~*~tactically~*~*~ (outnumbered).
 24657 | Snake:2  | 24657 ||| Stepping ~*~*~tactically~*~*~ (outnumbered).
 24671 | Snake:2  | 24671 ||| Stepping ~*~*~tactically~*~*~ (outnumbered).
 24675 | Snake:2  | 24675 ||| Stepping ~*~*~tactically~*~*~ (outnumbered).
 24677 | Snake:2  | 24677 ||| Stepping ~*~*~tactically~*~*~ (outnumbered).
 24679 | Snake:2  | 24679 ||| Stepping ~*~*~tactically~*~*~ (outnumbered).
 24743 | Snake:2  | 24743 ||| INVOKING Heroism.
 24750 | Snake:2  | Reached skill level 18 in Dodging
 24846 | Snake:2  | 24846 ||| INVOKING Heroism.
 24912 | Snake:2  | 24912 ||| INVOKING Heroism.
 24997 | Snake:2  | Found Napnaxta's Assorted Antiques.
 25006 | Snake:2  | 25006 ||| BUYING scroll labelled EMMUEZEU YGOET (29 gold).
 25006 | Snake:2  | Bought a scroll labelled EMMUEZEU YGOET for 29 gold pieces
 25132 | Snake:2  | 25132 ||| INVOKING Heroism.
 25136 | Snake:2  | Received a gift from Okawaru
 25356 | Snake:2  | 25356 ||| INVOKING Heroism.
 25542 | Snake:2  | 25542 ||| READING scroll labelled EMMUEZEU YGOET.
 25603 | Snake:3  | 25603 ||| INVOKING Heroism.
 25606 | Snake:3  | 25606 ||| Stepping ~*~*~tactically~*~*~ (outnumbered).
 25612 | Snake:3  | Reached skill level 19 in Fighting
 25624 | Snake:3  | Reached XP level 17. HP: 55/168 MP: 17/23
 25624 | Snake:3  | 25624 ||| INVOKING Heroism.
 25625 | Snake:3  | HP: 34/168 [salamander/+0 trident (9)]
 25625 | Snake:3  | HP: 15/168 [naga mage/+0 spear (5)]
 25626 | Snake:3  | 25626 ||| READING 16 scrolls of teleportation.
 25626 | Snake:3  | HP: 5/168 [poisoned by a naga mage (bolt of poison)]
 25627 | Snake:3  | 25627 ||| DRINKING 6 potions of heal wounds.
 25627 | Snake:3  | Found Cosar's Antique Weapon Emporium.
 25627 | Snake:3  | Identified the +5 whip of Incongruity {heavy, Dex+2}
 25628 | Snake:3  | 25628 ||| READING 15 scrolls of teleportation.
 25629 | Snake:3  | 25629 ||| DRINKING 5 potions of heal wounds.
 25631 | Snake:3  | 25631 ||| READING 14 scrolls of teleportation.
 25631 | Snake:3  | HP: 42/168 [poisoned by a naga mage (bolt of poison)]
 25632 | Snake:3  | 25632 ||| DRINKING 4 potions of heal wounds.
 25636 | Snake:3  | HP: 38/168 [naga warrior/+0 battleaxe (9)]
 25637 | Snake:3  | 25637 ||| READING 13 scrolls of teleportation.
 25638 | Snake:3  | 25638 ||| DRINKING 3 potions of heal wounds.
 25641 | Snake:3  | HP: 37/168 [shock serpent/electric aura (7)]
 25642 | Snake:3  | 25642 ||| READING 12 scrolls of teleportation.
 25643 | Snake:3  | 25643 ||| DRINKING 2 potions of heal wounds.
 25644 | Snake:3  | 25644 ||| INVOKING Heroism.
 25650 | Snake:3  | 25650 ||| Stepping ~*~*~tactically~*~*~ (outnumbered).
 25656 | Snake:3  | HP: 40/168 [naga mage/+2 spear of freezing (6)]
 25657 | Snake:3  | 25657 ||| READING 11 scrolls of teleportation.
 25658 | Snake:3  | 25658 ||| DRINKING potion of heal wounds.
 25661 | Snake:3  | 25661 ||| READING 10 scrolls of teleportation.
 25661 | Snake:3  | HP: 23/168 [poisoned by a naga mage (bolt of poison)]
 25666 | Snake:3  | HP: 16/168 [poisoned by a naga mage (bolt of poison)]
 25667 | Snake:3  | 25667 ||| READING 9 scrolls of teleportation.
 25671 | Snake:3  | HP: 18/168 [poisoned by a naga mage (bolt of poison)]
 25822 | Snake:3  | 25822 ||| FLEEEEING.
 25823 | Snake:3  | 25823 ||| FLEEEEING.
 25824 | Snake:3  | 25824 ||| FLEEEEING.
 25832 | Snake:3  | 25832 ||| STAIRDANCE
 25891 | Snake:3  | Received a gift from Okawaru
 25899 | Snake:3  | 25899 ||| INVOKING Heroism.
 25950 | Snake:3  | Found a runed translucent door.
 25953 | Snake:3  | Noticed Seits's ghost (adept MiFi)
 26045 | Snake:3  | Identified the +3 flail of Hekle {venom, rElec Will- Int+5}
 26229 | Snake:3  | 26229 ||| PLANNING SWAMP:1-3
 26229 | Snake:3  | 26229 ||| UPGRADING to amulet of reflection.
 26239 | Snake:3  | 26239 ||| DROPPING amulet of regeneration.
 26340 | Swamp:1  | Entered Level 1 of the Swamp
 26385 | Swamp:1  | 26385 ||| INVOKING Heroism.
 26389 | Swamp:1  | 26389 ||| SWAPPING to +2 longbow of flaming.
 26392 | Swamp:1  | 26392 ||| SWAPPING to +3 heavy longbow.
 26415 | Swamp:1  | 26415 ||| INVOKING Heroism.
 26416 | Swamp:1  | 26416 ||| Stepping ~*~*~tactically~*~*~ (water).
 26489 | Swamp:1  | 26489 ||| INVOKING Heroism.
 26572 | Swamp:1  | 26572 ||| INVOKING Heroism.
 26707 | Swamp:1  | 26707 ||| DRINKING 2 potions of resistance.
 26708 | Swamp:1  | 26708 ||| Stepping ~*~*~tactically~*~*~ (water).
 26724 | Swamp:1  | 26724 ||| READING scroll of enchant weapon.
 26724 | Swamp:1  | 26724 ||| ENCHANTING +3 heavy longbow.
 26742 | Swamp:1  | 26742 ||| INVOKING Heroism.
 26746 | Swamp:1  | 26746 ||| SWAPPING to +2 longbow of flaming.
 26765 | Swamp:1  | 26765 ||| SWAPPING to +4 heavy longbow.
 27013 | Swamp:2  | 27013 ||| INVOKING Heroism.
 27017 | Swamp:2  | Identified the +1 pair of boots "Gitoy" {Will+ Str-5 Dex+8}
                  | (Okawaru gifted it to you on level 2 of the Swamp)
 27017 | Swamp:2  | Received a gift from Okawaru
 27019 | Swamp:2  | 27019 ||| SWAPPING to +2 longbow of flaming.
 27027 | Swamp:2  | 27027 ||| SWAPPING to +4 heavy longbow.
 27038 | Swamp:2  | 27038 ||| STAIRDANCE
 27046 | Swamp:1  | Reached skill level 20 in Fighting
 27265 | Swamp:2  | 27265 ||| INVOKING Heroism.
 27281 | Swamp:2  | 27281 ||| DRINKING potion of resistance.
 27419 | Swamp:2  | Identified the +1 leather armour of Spite {rElec rN+}
 27553 | Swamp:2  | 27553 ||| UPGRADING to +1 pair of boots "Gitoy" {Will+
                  | Str-5 Dex+8}.
 27563 | Swamp:2  | 27563 ||| DROPPING +3 pair of seven-league boots
                  | {Rampage+∞}.
 27564 | Swamp:2  | 27564 ||| DROPPING +6 ring of intelligence.
 27571 | Swamp:3  | Noticed Aizul
 27572 | Swamp:3  | 27572 ||| INVOKING Heroism.
 27573 | Swamp:3  | 27573 ||| INVOKING Finesse.
 27586 | Swamp:3  | Killed Aizul
 27741 | Swamp:3  | Noticed Bai Suzhen
 27742 | Swamp:3  | 27742 ||| INVOKING Heroism.
 27749 | Swamp:3  | Killed Bai Suzhen
 27750 | Swamp:3  | HP: 33/170 [??? (31)]
 27751 | Swamp:3  | 27751 ||| READING 9 scrolls of teleportation.
 27752 | Swamp:3  | 27752 ||| DRINKING potion of heal wounds.
 27772 | Swamp:3  | 27772 ||| INVOKING Heroism.
 27773 | Swamp:3  | 27773 ||| Stepping ~*~*~tactically~*~*~ (water).
 28055 | Swamp:3  | 28055 ||| Stepping ~*~*~tactically~*~*~ (water).
 28061 | Swamp:3  | 28061 ||| Stepping ~*~*~tactically~*~*~ (cloud).
 28141 | Swamp:3  | 28141 ||| Stepping ~*~*~tactically~*~*~ (water).
 28196 | Swamp:3  | 28196 ||| Stepping ~*~*~tactically~*~*~ (water).
 28433 | Swamp:3  | 28433 ||| Stepping ~*~*~tactically~*~*~ (water).
 28437 | Swamp:3  | 28437 ||| FLEEEEING.
 28438 | Swamp:3  | 28438 ||| FLEEEEING.
 28439 | Swamp:3  | 28439 ||| FLEEEEING.
 28440 | Swamp:3  | 28440 ||| FLEEEEING.
 28443 | Swamp:3  | 28443 ||| FLEEEEING.
 28444 | Swamp:3  | 28444 ||| FLEEEEING.
 28454 | Swamp:3  | 28454 ||| STAIRDANCE
 28599 | Swamp:3  | 28599 ||| INVOKING Heroism.
 28828 | Swamp:3  | 28828 ||| PLANNING SNAKE:4
 28978 | Snake:4  | Entered Level 4 of the Snake Pit
 28984 | Snake:4  | 28984 ||| INVOKING Heroism.
 29266 | Snake:4  | 29266 ||| INVOKING Heroism.
 29315 | Snake:4  | 29315 ||| INVOKING Heroism.
 29319 | Snake:4  | Reached XP level 18. HP: 138/178 MP: 21/24
 29331 | Snake:4  | Reached skill level 21 in Dodging
 29353 | Snake:4  | 29353 ||| FLEEEEING.
 29367 | Snake:4  | 29367 ||| FLEEEEING.
 29383 | Snake:4  | 29383 ||| FLEEEEING.
 29385 | Snake:4  | 29385 ||| STAIRDANCE
 29455 | Snake:3  | 29455 ||| DROPPING +2 longbow of flaming.
 29501 | Snake:4  | Found Syuploug's General Store.
 29506 | Snake:4  | Found Mymn's Specific Store.
 29852 | Snake:4  | 29852 ||| INVOKING Heroism.
 29999 | Snake:4  | 29999 ||| INVOKING Heroism.
 30043 | Snake:4  | Got a serpentine rune of Zot
 30170 | Snake:4  | 30170 ||| PLANNING VAULTS:1-4
 30170 | Snake:4  | 30170 ||| DROPPING amulet of guardian spirit.
 30459 | Vaults:1 | Entered Level 1 of the Vaults
 30485 | Vaults:1 | 30485 ||| INVOKING Heroism.
 30486 | Vaults:1 | 30486 ||| Stepping ~*~*~tactically~*~*~ (outnumbered).
 30547 | Vaults:1 | 30547 ||| INVOKING Heroism.
 30677 | Vaults:1 | 30677 ||| INVOKING Heroism.
 30678 | Vaults:1 | 30678 ||| INVOKING Finesse.
 30877 | Vaults:1 | 30877 ||| INVOKING Heroism.
 30983 | Vaults:1 | 30983 ||| Stepping ~*~*~tactically~*~*~ (outnumbered).
 30988 | Vaults:1 | 30988 ||| Stepping ~*~*~tactically~*~*~ (outnumbered).
 30996 | Vaults:1 | 30996 ||| Stepping ~*~*~tactically~*~*~ (outnumbered).
 30999 | Vaults:1 | 30999 ||| INVOKING Heroism.
 31019 | Vaults:1 | Received a gift from Okawaru
 31365 | Vaults:1 | Reached skill level 21 in Fighting
 31385 | Vaults:1 | Reached skill level 9 in Armour
 31426 | Vaults:1 | 31426 ||| Stepping ~*~*~tactically~*~*~ (outnumbered).
 31432 | Vaults:1 | 31432 ||| INVOKING Heroism.
 31681 | Vaults:1 | 31681 ||| INVOKING Heroism.
 31682 | Vaults:1 | 31682 ||| INVOKING Finesse.
 31836 | Vaults:1 | 31836 ||| INVOKING Finesse.
 32048 | Vaults:1 | 32048 ||| FLEEEEING.
 32054 | Vaults:1 | 32054 ||| FLEEEEING.
 32055 | Vaults:1 | 32055 ||| FLEEEEING.
 32056 | Vaults:1 | 32056 ||| FLEEEEING.
 32057 | Vaults:1 | 32057 ||| FLEEEEING.
 32058 | Vaults:1 | 32058 ||| FLEEEEING.
 32064 | Vaults:1 | 32064 ||| FLEEEEING.
 32065 | Vaults:1 | 32065 ||| FLEEEEING.
 32066 | Vaults:1 | 32066 ||| FLEEEEING.
 32067 | Vaults:1 | 32067 ||| FLEEEEING.
 32068 | Vaults:1 | 32068 ||| FLEEEEING.
 32069 | Vaults:1 | 32069 ||| FLEEEEING.
 32070 | Vaults:1 | 32070 ||| FLEEEEING.
 32076 | Vaults:1 | 32076 ||| FLEEEEING.
 32077 | Vaults:1 | 32077 ||| FLEEEEING.
 32078 | Vaults:1 | 32078 ||| FLEEEEING.
 32079 | Vaults:1 | 32079 ||| FLEEEEING.
 32080 | Vaults:1 | 32080 ||| FLEEEEING.
 32081 | Vaults:1 | 32081 ||| FLEEEEING.
 32155 | Vaults:1 | Reached skill level 22 in Fighting
 32306 | Vaults:1 | Received a gift from Okawaru
 32398 | Vaults:1 | Found a runed translucent gate.
 32398 | Vaults:1 | Found a runed translucent gate.
 32398 | Vaults:1 | Found a runed translucent gate.
 32398 | Vaults:1 | Noticed qw's ghost (adept MiHu)
 32810 | Vaults:2 | Reached XP level 19. HP: 186/193 MP: 25/25
 32876 | Vaults:2 | Noticed Nikola
 32877 | Vaults:2 | 32877 ||| INVOKING Heroism.
 32878 | Vaults:2 | 32878 ||| INVOKING Finesse.
 32883 | Vaults:2 | Killed Nikola
 33003 | Vaults:2 | 33003 ||| INVOKING Heroism.
 33004 | Vaults:2 | 33004 ||| INVOKING Finesse.
 33132 | Vaults:2 | Found a staircase to the Crypt.
 33234 | Vaults:2 | Reached skill level 23 in Fighting
 33268 | Vaults:2 | 33268 ||| INVOKING Heroism.
 33269 | Vaults:2 | 33269 ||| INVOKING Finesse.
 33599 | Vaults:2 | 33599 ||| FLEEEEING.
 33600 | Vaults:2 | 33600 ||| FLEEEEING.
 33601 | Vaults:2 | 33601 ||| FLEEEEING.
 33602 | Vaults:2 | 33602 ||| FLEEEEING.
 33603 | Vaults:2 | 33603 ||| STAIRDANCE
 33749 | Vaults:1 | 33749 ||| DROPPING ring of willpower.
 34032 | Vaults:2 | 34032 ||| Stepping ~*~*~tactically~*~*~ (outnumbered).
 34036 | Vaults:2 | 34036 ||| INVOKING Heroism.
 34037 | Vaults:2 | 34037 ||| INVOKING Finesse.
 34198 | Vaults:2 | 34198 ||| SWAPPING to +0 triple crossbow.
 34200 | Vaults:2 | 34200 ||| DROPPING +4 heavy longbow.
 34381 | Vaults:3 | 34381 ||| INVOKING Heroism.
 34382 | Vaults:3 | 34382 ||| INVOKING Finesse.
 34389 | Vaults:3 | Received a gift from Okawaru
 34557 | Vaults:3 | Found Metunk's Distillery.
 34560 | Vaults:3 | Paralysed by a great orb of eyes for 3 turns
 34573 | Vaults:3 | 34573 ||| BUYING potion of curing (57 gold).
 34573 | Vaults:3 | Bought a potion of curing for 57 gold pieces
 34573 | Vaults:3 | 34573 ||| BUYING potion of curing (57 gold).
 34573 | Vaults:3 | Bought a potion of curing for 57 gold pieces
 34573 | Vaults:3 | 34573 ||| BUYING potion of heal wounds (95 gold).
 34573 | Vaults:3 | Bought a potion of heal wounds for 95 gold pieces
 34573 | Vaults:3 | 34573 ||| BUYING potion of might (76 gold).
 34573 | Vaults:3 | Bought a potion of might for 76 gold pieces
 34573 | Vaults:3 | 34573 ||| BUYING potion of might (76 gold).
 34573 | Vaults:3 | Bought a potion of might for 76 gold pieces
 34573 | Vaults:3 | 34573 ||| BUYING potion of mutation (152 gold).
 34573 | Vaults:3 | Bought a potion of mutation for 152 gold pieces
 34601 | Vaults:3 | Identified the +3 orcbow of the Nexus {freeze, *Corrode Fly
                  | rN+} (Okawaru gifted it to you on level 3 of the Vaults)
 34601 | Vaults:3 | Received a gift from Okawaru
 34749 | Vaults:3 | 34749 ||| Stepping ~*~*~tactically~*~*~ (outnumbered).
 34751 | Vaults:3 | 34751 ||| Stepping ~*~*~tactically~*~*~ (outnumbered).
 34753 | Vaults:3 | 34753 ||| Stepping ~*~*~tactically~*~*~ (outnumbered).
 34756 | Vaults:3 | Reached skill level 21 in Ranged Weapons
 34835 | Vaults:3 | 34835 ||| INVOKING Finesse.
 34838 | Vaults:3 | 34838 ||| INVOKING Heroism.
 34892 | Vaults:3 | 34892 ||| INVOKING Heroism.
 34955 | Vaults:3 | 34955 ||| INVOKING Heroism.
 34956 | Vaults:3 | 34956 ||| INVOKING Finesse.
 35178 | Vaults:3 | 35178 ||| INVOKING Heroism.
 35484 | Vaults:4 | Reached XP level 20. HP: 206/206 MP: 26/26
 35570 | Vaults:4 | Reached skill level 24 in Fighting
 35582 | Vaults:4 | 35582 ||| INVOKING Heroism.
 35606 | Vaults:4 | Received a gift from Okawaru
 35616 | Vaults:4 | 35616 ||| FLEEEEING.
 35617 | Vaults:4 | 35617 ||| FLEEEEING.
 35625 | Vaults:4 | 35625 ||| INVOKING Heroism.
 35760 | Vaults:4 | Found Hyhaxteh's Magic Scroll Boutique.
 35998 | Vaults:4 | Identified the +4 plate armour of the Robin {Int+2}
 36196 | Vaults:4 | 36196 ||| Stepping ~*~*~tactically~*~*~ (outnumbered).
 36197 | Vaults:4 | 36197 ||| Stepping ~*~*~tactically~*~*~ (outnumbered).
 36198 | Vaults:4 | 36198 ||| FLEEEEING.
 36199 | Vaults:4 | 36199 ||| Stepping ~*~*~tactically~*~*~ (outnumbered).
 36209 | Vaults:4 | 36209 ||| INVOKING Heroism.
 36220 | Vaults:4 | 36220 ||| INVOKING Heroism.
 36224 | Vaults:4 | Reached skill level 25 in Fighting
 36408 | Vaults:4 | Identified the +6 shortbow of the Holding Dragonfly
                  | {freeze, rF+ Str-5 Int+2 Stlth+}
 36693 | Vaults:4 | 36693 ||| PLANNING SWAMP:4
 37006 | Swamp:4  | Entered Level 4 of the Swamp
 37070 | Swamp:4  | 37070 ||| Stepping ~*~*~tactically~*~*~ (outnumbered).
 37075 | Swamp:4  | 37075 ||| Stepping ~*~*~tactically~*~*~ (outnumbered).
 37091 | Swamp:4  | 37091 ||| Stepping ~*~*~tactically~*~*~ (water).
 37097 | Swamp:4  | 37097 ||| Stepping ~*~*~tactically~*~*~ (water).
 37099 | Swamp:4  | 37099 ||| Stepping ~*~*~tactically~*~*~ (cloud).
 37130 | Swamp:4  | 37130 ||| Stepping ~*~*~tactically~*~*~ (cloud).
 37133 | Swamp:4  | 37133 ||| Stepping ~*~*~tactically~*~*~ (water).
 37144 | Swamp:4  | 37144 ||| Stepping ~*~*~tactically~*~*~ (cloud).
 37147 | Swamp:4  | 37147 ||| INVOKING Heroism.
 37154 | Swamp:4  | 37154 ||| Stepping ~*~*~tactically~*~*~ (cloud).
 37155 | Swamp:4  | 37155 ||| Stepping ~*~*~tactically~*~*~ (water).
 37160 | Swamp:4  | 37160 ||| Stepping ~*~*~tactically~*~*~ (cloud).
 37162 | Swamp:4  | 37162 ||| Stepping ~*~*~tactically~*~*~ (cloud).
 37165 | Swamp:4  | 37165 ||| Stepping ~*~*~tactically~*~*~ (cloud).
 37186 | Swamp:4  | 37186 ||| INVOKING Heroism.
 37237 | Swamp:4  | 37237 ||| INVOKING Heroism.
 37246 | Swamp:4  | 37246 ||| Stepping ~*~*~tactically~*~*~ (cloud).
 37249 | Swamp:4  | HP: 51/211 [poison (poison gas)]
 37254 | Swamp:4  | HP: 45/211 [poison (poison gas)]
 37258 | Swamp:4  | 37258 ||| FLEEEEING.
 37259 | Swamp:4  | 37259 ||| FLEEEEING.
 37260 | Swamp:4  | 37260 ||| FLEEEEING.
 37261 | Swamp:4  | 37261 ||| DRINKING 3 potions of heal wounds.
 37268 | Swamp:4  | 37268 ||| STAIRDANCE
 37577 | Swamp:4  | 37577 ||| Stepping ~*~*~tactically~*~*~ (cloud).
 37581 | Swamp:4  | 37581 ||| FLEEEEING.
 37795 | Swamp:4  | Got a decaying rune of Zot
 37797 | Swamp:4  | 37797 ||| Stepping ~*~*~tactically~*~*~ (cloud).
 37821 | Swamp:4  | 37821 ||| Stepping ~*~*~tactically~*~*~ (cloud).
 37827 | Swamp:4  | 37827 ||| Stepping ~*~*~tactically~*~*~ (cloud).
 37828 | Swamp:4  | 37828 ||| Stepping ~*~*~tactically~*~*~ (water).
 37945 | Swamp:4  | 37945 ||| Stepping ~*~*~tactically~*~*~ (water).
 37973 | Swamp:4  | 37973 ||| Stepping ~*~*~tactically~*~*~ (cloud).
 38236 | Swamp:4  | 38236 ||| PLANNING DEPTHS
 38516 | Depths:1 | Entered Level 1 of the Depths
 38524 | Depths:1 | You fall into a shaft and drop 1 floor!
 38531 | Depths:2 | 38531 ||| INVOKING Finesse.
 38539 | Depths:2 | Reached skill level 26 in Fighting
 38631 | Depths:1 | Reached ****** piety under Okawaru
 38739 | Depths:1 | 38739 ||| INVOKING Finesse.
 38742 | Depths:1 | 38742 ||| INVOKING Finesse.
 38747 | Depths:1 | Identified the +0 robe of Unambiguity {Dex+3} (Okawaru
                  | gifted it to you on level 1 of the Depths)
 38747 | Depths:1 | Received a gift from Okawaru
 38779 | Depths:1 | Found a runed translucent door.
 38811 | Depths:1 | Found Xebil's Tremendous Tomes.
 38831 | Depths:1 | 38831 ||| INVOKING Heroism.
 38856 | Depths:1 | 38856 ||| INVOKING Finesse.
 38892 | Depths:1 | 38892 ||| INVOKING Heroism.
 38893 | Depths:1 | 38893 ||| INVOKING Finesse.
 38962 | Depths:1 | Noticed Mara
 38963 | Depths:1 | 38963 ||| INVOKING Heroism.
 38964 | Depths:1 | 38964 ||| INVOKING Finesse.
 38975 | Depths:1 | Killed Mara
 39136 | Depths:1 | Noticed Viocziel's ghost (adept TrMo)
 39211 | Depths:1 | 39211 ||| INVOKING Heroism.
 39214 | Depths:1 | 39214 ||| Stepping ~*~*~tactically~*~*~ (outnumbered).
 39216 | Depths:1 | 39216 ||| Stepping ~*~*~tactically~*~*~ (outnumbered).
 39218 | Depths:1 | 39218 ||| Stepping ~*~*~tactically~*~*~ (outnumbered).
 39225 | Depths:1 | 39225 ||| Stepping ~*~*~tactically~*~*~ (outnumbered).
 39252 | Depths:1 | 39252 ||| Stepping ~*~*~tactically~*~*~ (cloud).
 39254 | Depths:1 | Reached XP level 21. HP: 131/222 MP: 27/27
 39263 | Depths:1 | 39263 ||| INVOKING Heroism.
 39285 | Depths:1 | 39285 ||| FLEEEEING.
 39286 | Depths:1 | 39286 ||| FLEEEEING.
 39424 | Depths:1 | Found a gateway to Hell.
 39425 | Depths:1 | 39425 ||| INVOKING Heroism.
 39513 | Depths:1 | Found a one-way gateway to a ziggurat.
 39517 | Depths:1 | Found a blossoming altar of Fedhas.
 39679 | Depths:1 | 39679 ||| DROPPING amulet of the acrobat.
 39680 | Depths:1 | 39680 ||| UPGRADING to amulet of faith.
 39720 | Depths:2 | Noticed Asterion
 39721 | Depths:2 | 39721 ||| INVOKING Heroism.
 39722 | Depths:2 | 39722 ||| Stepping ~*~*~tactically~*~*~ (outnumbered).
 39732 | Depths:2 | 39732 ||| Stepping ~*~*~tactically~*~*~ (outnumbered).
 39734 | Depths:2 | 39734 ||| Stepping ~*~*~tactically~*~*~ (outnumbered).
 39736 | Depths:2 | 39736 ||| Stepping ~*~*~tactically~*~*~ (outnumbered).
 39738 | Depths:2 | 39738 ||| Stepping ~*~*~tactically~*~*~ (outnumbered).
 39740 | Depths:2 | 39740 ||| Stepping ~*~*~tactically~*~*~ (outnumbered).
 39742 | Depths:2 | 39742 ||| Stepping ~*~*~tactically~*~*~ (outnumbered).
 39744 | Depths:2 | 39744 ||| Stepping ~*~*~tactically~*~*~ (outnumbered).
 39746 | Depths:2 | 39746 ||| Stepping ~*~*~tactically~*~*~ (outnumbered).
 39751 | Depths:2 | Killed Asterion
 39855 | Depths:2 | 39855 ||| Stepping ~*~*~tactically~*~*~ (outnumbered).
 39856 | Depths:2 | 39856 ||| INVOKING Heroism.
 39884 | Depths:2 | 39884 ||| Stepping ~*~*~tactically~*~*~ (outnumbered).
 39885 | Depths:2 | Noticed a juggernaut
 39889 | Depths:2 | 39889 ||| INVOKING Heroism.
 39891 | Depths:2 | Killed a juggernaut
 39892 | Depths:2 | Reached skill level 27 in Fighting
 39894 | Depths:2 | 39894 ||| Stepping ~*~*~tactically~*~*~ (cloud).
 39895 | Depths:2 | 39895 ||| Stepping ~*~*~tactically~*~*~ (cloud).
 39901 | Depths:2 | 39901 ||| Stepping ~*~*~tactically~*~*~ (cloud).
 39937 | Depths:2 | Reached skill level 12 in Armour
 40098 | Depths:2 | 40098 ||| INVOKING Heroism.
 40150 | Depths:2 | 40150 ||| INVOKING Finesse.
 40152 | Depths:2 | 40152 ||| Stepping ~*~*~tactically~*~*~ (outnumbered).
 40243 | Depths:2 | 40243 ||| INVOKING Heroism.
 40275 | Depths:2 | 40275 ||| INVOKING Heroism.
 40518 | Depths:2 | 40518 ||| Stepping ~*~*~tactically~*~*~ (outnumbered).
 40520 | Depths:2 | 40520 ||| Stepping ~*~*~tactically~*~*~ (outnumbered).
 40533 | Depths:2 | 40533 ||| INVOKING Heroism.
 40552 | Depths:2 | 40552 ||| Stepping ~*~*~tactically~*~*~ (cloud).
 40590 | Depths:2 | 40590 ||| INVOKING Finesse.
 40661 | Depths:2 | 40661 ||| INVOKING Heroism.
 40746 | Depths:2 | 40746 ||| INVOKING Heroism.
 40887 | Depths:2 | Reached skill level 15 in Armour
 41147 | Depths:2 | 41147 ||| INVOKING Heroism.
 41316 | Depths:2 | Found a one-way gate leading to the halls of Pandemonium.
 41467 | Depths:3 | 41467 ||| INVOKING Heroism.
 41494 | Depths:3 | 41494 ||| STAIRDANCE
 41538 | Depths:3 | Noticed Xtahua
 41539 | Depths:3 | 41539 ||| INVOKING Heroism.
 41543 | Depths:3 | 41543 ||| Stepping ~*~*~tactically~*~*~ (cloud).
 41551 | Depths:3 | Killed Xtahua
 41628 | Depths:3 | 41628 ||| INVOKING Heroism.
 41681 | Depths:3 | Found a white marble altar of Elyvilon.
 41697 | Depths:3 | 41697 ||| Stepping ~*~*~tactically~*~*~ (outnumbered).
 41756 | Depths:3 | 41756 ||| INVOKING Heroism.
 41795 | Depths:3 | 41795 ||| INVOKING Finesse.
 41843 | Depths:3 | Noticed Mennas
 41844 | Depths:3 | 41844 ||| INVOKING Heroism.
 41863 | Depths:3 | Killed Mennas
 41966 | Depths:3 | 41966 ||| INVOKING Heroism.
 41967 | Depths:3 | 41967 ||| INVOKING Finesse.
 41978 | Depths:3 | 41978 ||| DRINKING 22 potions of curing.
 41978 | Depths:3 | 41978 ||| (to cure confusion)
 41993 | Depths:3 | Reached XP level 22. HP: 169/216 MP: 24/29
 42403 | Depths:3 | 42403 ||| DROPPING ring of fire.
 42419 | Depths:4 | Entered Level 4 of the Depths
 42420 | Depths:4 | 42420 ||| INVOKING Heroism.
 42436 | Depths:4 | Reached skill level 18 in Armour
 42449 | Depths:4 | 42449 ||| STAIRDANCE
 42454 | Depths:3 | 42454 ||| INVOKING Finesse.
 42967 | Depths:4 | 42967 ||| INVOKING Heroism.
 43028 | Depths:4 | 43028 ||| Stepping ~*~*~tactically~*~*~ (cloud).
 43041 | Depths:4 | 43041 ||| FLEEEEING.
 43042 | Depths:4 | 43042 ||| FLEEEEING.
 43043 | Depths:4 | 43043 ||| STAIRDANCE
 43218 | Depths:4 | 43218 ||| STAIRDANCE
 43379 | Depths:4 | Found Sade's Book Boutique.
 43380 | Depths:4 | Found Bukaalimm's Jewellery Shoppe.
 43380 | Depths:4 | Found Linastri's Jewellery Shoppe.
 43386 | Depths:4 | 43386 ||| BUYING amulet of Winter {Faith rF+ Int-3 Dex+6}
                  | (1206 gold).
 43386 | Depths:4 | Bought the amulet of Winter {Faith rF+ Int-3 Dex+6} for
                  | 1206 gold pieces
 43411 | Depths:4 | 43411 ||| Stepping ~*~*~tactically~*~*~ (outnumbered).
 43414 | Depths:4 | 43414 ||| INVOKING Heroism.
 43420 | Depths:4 | 43420 ||| Stepping ~*~*~tactically~*~*~ (outnumbered).
 43427 | Depths:4 | Noticed a golden dragon
 43437 | Depths:4 | Killed a golden dragon
 43503 | Depths:4 | 43503 ||| INVOKING Heroism.
 43519 | Depths:4 | Found a gate to the Realm of Zot.
 43554 | Depths:4 | 43554 ||| INVOKING Heroism.
 43801 | Depths:4 | 43801 ||| PLANNING VAULTS:5
 43801 | Depths:4 | 43801 ||| DROPPING +0 cloak.
 43802 | Depths:4 | 43802 ||| DROPPING amulet of reflection.
 43803 | Depths:4 | 43803 ||| UPGRADING to amulet of Winter {Faith rF+ Int-3
                  | Dex+6}.
 43813 | Depths:4 | 43813 ||| DROPPING amulet of faith.
 43975 | Vaults:5 | Entered Level 5 of the Vaults
 43981 | Vaults:5 | 43981 ||| STAIRDANCE
 43985 | Vaults:4 | 43985 ||| INVOKING Heroism.
 44240 | Vaults:5 | 44240 ||| STAIRDANCE
 44252 | Vaults:4 | 44252 ||| INVOKING Heroism.
 44394 | Vaults:5 | 44394 ||| INVOKING Heroism.
 44407 | Vaults:5 | 44407 ||| STAIRDANCE
 44705 | Vaults:5 | 44705 ||| STAIRDANCE
 44810 | Vaults:5 | 44810 ||| STAIRDANCE
 44818 | Vaults:4 | 44818 ||| INVOKING Heroism.
 44945 | Vaults:5 | 44945 ||| INVOKING Heroism.
 44955 | Vaults:5 | Reached skill level 21 in Armour
 44985 | Vaults:5 | 44985 ||| STAIRDANCE
 44987 | Vaults:4 | 44987 ||| INVOKING Heroism.
 45218 | Vaults:5 | Noticed an ancient lich
 45219 | Vaults:5 | 45219 ||| INVOKING Heroism.
 45225 | Vaults:5 | Killed an ancient lich
 45244 | Vaults:5 | Noticed a dread lich
 45248 | Vaults:5 | Killed a dread lich
 45313 | Vaults:5 | Identified the ring of the Ornamental Tomato {rN+ rCorr
                  | Str-5 Dex+2 Slay+3}
 45333 | Vaults:5 | 45333 ||| INVOKING Heroism.
 45334 | Vaults:5 | 45334 ||| INVOKING Finesse.
 45337 | Vaults:5 | Received a gift from Okawaru
 45384 | Vaults:5 | 45384 ||| INVOKING Heroism.
 45437 | Vaults:5 | Identified the +5 plate armour of Fallacy {Stlth+}
 45442 | Vaults:5 | Reached skill level 12 in Invocations
 45456 | Vaults:5 | Identified the +2 scale mail "Dafivaa" {Dex+5}
 45514 | Vaults:5 | Identified the staff of fire "Quoxocka" {rPois rF+ rC+++
                  | Int-3 Dex-4}
 45515 | Vaults:5 | Identified the +0 scale mail "Yloagoitz" {Rampage Fly rElec
                  | rPois rN+}
 45554 | Vaults:5 | 45554 ||| Stepping ~*~*~tactically~*~*~ (outnumbered).
 45579 | Vaults:5 | 45579 ||| INVOKING Heroism.
 45580 | Vaults:5 | 45580 ||| INVOKING Finesse.
 45596 | Vaults:5 | 45596 ||| Stepping ~*~*~tactically~*~*~ (outnumbered).
 45603 | Vaults:5 | Reached XP level 23. HP: 240/240 MP: 26/31
 45634 | Vaults:5 | Noticed an ancient lich
 45636 | Vaults:5 | 45636 ||| Stepping ~*~*~tactically~*~*~ (outnumbered).
 45638 | Vaults:5 | Killed an ancient lich
 45649 | Vaults:5 | 45649 ||| INVOKING Heroism.
 45650 | Vaults:5 | 45650 ||| INVOKING Finesse.
 45714 | Vaults:5 | Got a silver rune of Zot
 45728 | Vaults:5 | 45728 ||| INVOKING Heroism.
 45747 | Vaults:5 | Identified the ring of Rufay {Fire rN+ Will++ Int-5}
 45747 | Vaults:5 | Noticed Boris
 45752 | Vaults:5 | Killed Boris
 45783 | Vaults:5 | 45783 ||| FLEEEEING.
 45784 | Vaults:5 | 45784 ||| FLEEEEING.
 45785 | Vaults:5 | 45785 ||| FLEEEEING.
 45786 | Vaults:5 | 45786 ||| FLEEEEING.
 45787 | Vaults:5 | 45787 ||| FLEEEEING.
 45788 | Vaults:5 | 45788 ||| FLEEEEING.
 45789 | Vaults:5 | 45789 ||| FLEEEEING.
 45790 | Vaults:5 | 45790 ||| FLEEEEING.
 45791 | Vaults:5 | 45791 ||| FLEEEEING.
 45792 | Vaults:5 | 45792 ||| FLEEEEING.
 45793 | Vaults:5 | 45793 ||| FLEEEEING.
 45794 | Vaults:5 | 45794 ||| FLEEEEING.
 45795 | Vaults:5 | 45795 ||| FLEEEEING.
 45796 | Vaults:5 | 45796 ||| FLEEEEING.
 45797 | Vaults:5 | 45797 ||| FLEEEEING.
 45798 | Vaults:5 | 45798 ||| FLEEEEING.
 45799 | Vaults:5 | 45799 ||| FLEEEEING.
 45800 | Vaults:5 | 45800 ||| FLEEEEING.
 45801 | Vaults:5 | 45801 ||| FLEEEEING.
 45802 | Vaults:5 | 45802 ||| FLEEEEING.
 45803 | Vaults:5 | 45803 ||| FLEEEEING.
 45804 | Vaults:5 | 45804 ||| FLEEEEING.
 45805 | Vaults:5 | 45805 ||| STAIRDANCE
 45881 | Vaults:4 | 45881 ||| UPGRADING to ring of the Ornamental Tomato {rN+
                  | rCorr Str-5 Dex+2 Slay+3}.
 45957 | Vaults:5 | 45957 ||| INVOKING Heroism.
 45968 | Vaults:5 | 45968 ||| INVOKING Finesse.
 46013 | Vaults:5 | 46013 ||| INVOKING Heroism.
 46118 | Vaults:5 | 46118 ||| Stepping ~*~*~tactically~*~*~ (outnumbered).
 46182 | Vaults:5 | Identified the staff of poison "Edypicen" {rElec rPois
                  | rC+++ Int-5 Stlth-}
 46279 | Vaults:5 | Found Amurphosi's Distillery.
 46283 | Vaults:5 | 46283 ||| BUYING 2 potions of curing (66 gold).
 46283 | Vaults:5 | Bought 2 potions of curing for 66 gold pieces
 46283 | Vaults:5 | 46283 ||| BUYING 2 potions of curing (66 gold).
 46283 | Vaults:5 | Bought 2 potions of curing for 66 gold pieces
 46283 | Vaults:5 | 46283 ||| BUYING potion of curing (33 gold).
 46283 | Vaults:5 | Bought a potion of curing for 33 gold pieces
 46283 | Vaults:5 | 46283 ||| BUYING potion of curing (33 gold).
 46283 | Vaults:5 | Bought a potion of curing for 33 gold pieces
 46283 | Vaults:5 | 46283 ||| BUYING potion of haste (110 gold).
 46283 | Vaults:5 | Bought a potion of haste for 110 gold pieces
 46283 | Vaults:5 | 46283 ||| BUYING potion of heal wounds (55 gold).
 46283 | Vaults:5 | Bought a potion of heal wounds for 55 gold pieces
 46303 | Vaults:5 | 46303 ||| INVOKING Heroism.
 46517 | Vaults:5 | Identified the ring "Podippips" {Fly rElec EV+5 Stlth-}
 46650 | Vaults:5 | Found the +10 Black Knight's barding {ponderous, rPois rN+}
 46796 | Vaults:5 | 46796 ||| PLANNING SHOPPING SPREE
 46796 | Vaults:5 | 46796 ||| UPGRADING to ring "Podippips" {Fly rElec EV+5
                  | Stlth-}.
 46798 | Vaults:5 | 46798 ||| DROPPING +5 ring of evasion.
 46799 | Vaults:5 | 46799 ||| UPGRADING to +6 ring of dexterity.
 46974 | D:9      | 46974 ||| BUYING scroll of teleportation (33 gold).
 46974 | D:9      | Bought a scroll of teleportation for 33 gold pieces
 47047 | Orc:2    | 47047 ||| BUYING scroll of enchant weapon (112 gold).
 47047 | Orc:2    | Bought a scroll of enchant weapon for 112 gold pieces
 47047 | Orc:2    | 47047 ||| READING scroll of enchant weapon.
 47047 | Orc:2    | 47047 ||| ENCHANTING +0 triple crossbow.
 47089 | Orc:2    | 47089 ||| BUYING potion of mutation (144 gold).
 47089 | Orc:2    | Bought a potion of mutation for 144 gold pieces
 47089 | Orc:2    | 47089 ||| BUYING potion of resistance (180 gold).
 47089 | Orc:2    | Bought a potion of resistance for 180 gold pieces
 47312 | Snake:2  | 47312 ||| BUYING pair of runed gloves (157 gold).
 47312 | Snake:2  | Bought a pair of runed gloves for 157 gold pieces
 47312 | Snake:2  | 47312 ||| DROPPING +0 pair of gloves of strength.
 47507 | Orc:2    | 47507 ||| BUYING embroidered cloak (195 gold).
 47507 | Orc:2    | Bought an embroidered cloak for 195 gold pieces
 47507 | Orc:2    | 47507 ||| CLEARING SHOPPING LIST
 47507 | Orc:2    | 47507 ||| PLANNING ZOT:1-4
 47758 | Zot:1    | Entered Level 1 of the Realm of Zot
 47759 | Zot:1    | 47759 ||| INVOKING Heroism.
 47762 | Zot:1    | Reached skill level 15 in Invocations
 47765 | Zot:1    | 47765 ||| Stepping ~*~*~tactically~*~*~ (outnumbered).
 47793 | Zot:1    | 47793 ||| INVOKING Heroism.
 47810 | Zot:1    | 47810 ||| FLEEEEING.
 47811 | Zot:1    | 47811 ||| FLEEEEING.
 47812 | Zot:1    | 47812 ||| FLEEEEING.
 47814 | Zot:1    | 47814 ||| STAIRDANCE
 48193 | Zot:1    | 48193 ||| INVOKING Heroism.
 48194 | Zot:1    | 48194 ||| INVOKING Finesse.
 48303 | Zot:1    | 48303 ||| INVOKING Heroism.
 48304 | Zot:1    | 48304 ||| INVOKING Finesse.
 48387 | Zot:1    | 48387 ||| Stepping ~*~*~tactically~*~*~ (cloud).
 48622 | Zot:1    | 48622 ||| Stepping ~*~*~tactically~*~*~ (cloud).
 48628 | Zot:1    | Identified the ring "Waebb" {Ice Will+ MP+9 Str+3 Stlth-}
 48628 | Zot:1    | Noticed Josephina
 48629 | Zot:1    | 48629 ||| INVOKING Heroism.
 48630 | Zot:1    | 48630 ||| INVOKING Finesse.
 48634 | Zot:1    | Killed Josephina
 48634 | Zot:1    | Identified the +0 plate armour of the Miller {Fly rN+}
                  | (Okawaru gifted it to you on level 1 of the Realm of Zot)
 48634 | Zot:1    | Received a gift from Okawaru
 48768 | Zot:1    | 48768 ||| INVOKING Heroism.
 48769 | Zot:1    | 48769 ||| INVOKING Finesse.
 49110 | Zot:2    | 49110 ||| INVOKING Heroism.
 49141 | Zot:2    | 49141 ||| INVOKING Heroism.
 49158 | Zot:2    | 49158 ||| Stepping ~*~*~tactically~*~*~ (outnumbered).
 49159 | Zot:2    | 49159 ||| Stepping ~*~*~tactically~*~*~ (outnumbered).
 49161 | Zot:2    | 49161 ||| Stepping ~*~*~tactically~*~*~ (outnumbered).
 49179 | Zot:2    | 49179 ||| INVOKING Heroism.
 49188 | Zot:2    | 49188 ||| Stepping ~*~*~tactically~*~*~ (cloud).
 49503 | Zot:2    | 49503 ||| INVOKING Heroism.
 49569 | Zot:2    | 49569 ||| INVOKING Heroism.
 49580 | Zot:2    | Noticed a curse toe
 49591 | Zot:2    | Killed a curse toe
 49648 | Zot:2    | 49648 ||| INVOKING Heroism.
 49824 | Zot:2    | 49824 ||| Stepping ~*~*~tactically~*~*~ (cloud).
 49835 | Zot:2    | 49835 ||| INVOKING Heroism.
 49845 | Zot:2    | 49845 ||| Stepping ~*~*~tactically~*~*~ (cloud).
 49858 | Zot:2    | Reached skill level 18 in Invocations
 50146 | Zot:2    | 50146 ||| DROPPING +0 cloak of poison resistance.
 50147 | Zot:2    | 50147 ||| DROPPING +1 cloak.
 50148 | Zot:2    | 50148 ||| READING scroll labelled ZISHUR KUIMU.
 50159 | Zot:3    | Noticed an orb of fire
 50160 | Zot:3    | 50160 ||| DRINKING 2 potions of resistance.
 50161 | Zot:3    | 50161 ||| INVOKING Heroism.
 50163 | Zot:3    | Found the +4 dragonskin cloak
 50163 | Zot:3    | Noticed Tiamat
 50163 | Zot:3    | 50163 ||| Stepping ~*~*~tactically~*~*~ (outnumbered).
 50173 | Zot:3    | HP: 56/240 [yellow draconian/+0 war axe[Tiamat] (26)]
 50174 | Zot:3    | 50174 ||| READING 13 scrolls of teleportation.
 50174 | Zot:3    | HP: 24/240 [black draconian knight/+0 great mace[Tiamat]
                  | (6)]
 50174 | Zot:3    | Noticed an orb of fire
 50174 | Zot:3    | HP: 3/240 [tentacled monstrosity (21)]
 50175 | Zot:3    | 50175 ||| DRINKING 6 potions of heal wounds.
 50175 | Zot:3    | Slain by a green draconian monk

Levels and vault maps discovered:
D:1:      nagdon_arrival_double_spiral, layout_basic,
          chequers_serial_rivers_marsh
D:2:      minmay_general_purpose_star, layout_basic, uniq_sigmund, uniq_terence,
          uniq_robin
D:3:      layout_rooms, shapermc_ecumenical_altar_starsandcircs, st_stairs_3
D:4:      layout_cave_pods, biasface_ghost_orc_armoury
D:5:      layout_basic, nicolae_goblin_pals
D:6:      layout_loops_corners, minmay_temple_entry_large_hall
D:7:      layout_basic, mainiacjoe_overflow_alcove_1, uniq_duvessa
D:8:      minmay_slanted_spiral_squares, layout_basic, serial_shops,
          nicolae_shop_pleasant_corner_grove, enter_bailey_3,
          minmay_misc_feat_doors
D:9:      layout_layer_cave, zombieorc1_lemuel, serial_undead, serial_undead_a,
          serial_undead_b, serial_undead_f, serial_undead_a, serial_shops, shop,
          minmay_splitting_lines, uniq_grum
D:10:     layout_layer_cave, kennysheep_mini, david_lair_generic,
          serial_co_window_serial, co_window_paths_a, co_window_corner_a,
          co_window_paths_a, co_window_corner_a, co_window_of_opportunity_a,
          co_window_of_opportunity_a, co_window_paths_a, co_window_corner_ca,
          co_window_unsneaky_path_b, co_window_broadway_a, co_window_paths_d,
          co_window_4corner_b, glass_columns_a, glass_columns_a,
          glass_columns_a, glass_columns_a, glass_columns_b, grunt_ministairs_9,
          uniq_erolcha, uniq_amaemon, uniq_psyche
D:11:     layout_long_grid, minmay_three_doors, uniq_gastronok, uniq_urug,
          uniq_harold
D:12:     layout_grid_maze
D:13:     layout_rooms, gammafunk_ghost_hydra_chop, hex_tiny
D:14:     minmay_crescents, layout_long_grid, david_vaults_3,
          roderic_roman_lattice, grunt_potential
D:15:     hangedman_depths_entry_civil_slaughter, layout_irregular_city,
          serial_bayou_pond_d
Temple:   mainiacjoe_temple_big_plus
Lair:1:   layout_long_grid, gammafunk_ghost_arena, pdpol_lair_cavern_descent
Lair:2:   layout_chaotic_city, minmay_swamp_entry_wisps
Lair:3:   layout_roguey, nicolae_snake_entry_squirm,
          infiniplex_staircase_pool_2, grunt_megastairs_2, serial_bayou_shore_a
Lair:4:   layout_cave_shapes, basic_altar
Lair:5:   hellmonk_lair_end_abyssal_woods, layout_loops_ring, slime_entry_2,
          hellmonk_guarded_unrand_seven_league_boots
Swamp:1:  layout_basic_swamp, infiniplex_staircase_pool, swamp_pool4
Swamp:2:  layout_falls_marsh, swamp_pool3
Swamp:3:  layout_basic_swamp, evilmike_swamp_ruin_rubble_1, uniq_aizul,
          uniq_bai_suzhen
Swamp:4:  swamp_fiery, layout_basic_swamp, swamp_pool1,
          nicolae_swamp_wisp_ring_woods
Snake:1:  kennysheep_six_static_rooms, layout_layer_cave,
          portal_ice_cave_entry_dragon, nicolae_snake_magic_snake_eye
Snake:2:  layout_layer_cave, serial_shops, shop, nicolae_stop_n_shop_2, shop
Snake:3:  layout_misc_corridors, hellmonk_ghost_happy_afterlife,
          minmay_shop_grid_forest
Snake:4:  minmay_snake_end_coiled, layout_cave_town, nicolae_specific_store,
          lemuel_fruit_tree
Orc:1:    layout_caves, serial_shops, nicolae_shop_pleasant_corner_grove, shop,
          nicolae_shop_advertising_works [nicolae_subvault_shop_adworks], shop,
          nicolae_shop_tiny_glass, gammafunk_ghost_stat_death, mines2_david,
          uniq_sonja
Orc:2:    st_orc_town, layout_diamond_mine, serial_shops, shop, shop_statue,
          shop, shop, rock_pile, uniq_saint_roka, uniq_maurice
Vaults:1: ebering_ghost_rock_garden, nicolae_vaults_turnstiles, v_misc_5,
          nicolae_vaults_closet_pinwheel_4, v_misc_32,
          nicolae_vaults_apartment_1, vaults_room_door_ring,
          nicolae_vaults_rhombus_5, nicolae_vaults_tetromino_Z_2,
          nicolae_vaults_murderbox, v_misc_10, ontoclasm_vaults_ring_small,
          layout_vaults_quadrants, serial_hangedman_research,
          hangedman_research_toxicology, hangedman_research_pyrotechnics
Vaults:2: nicolae_vaults_hallways_thing, v_misc_30, nicolae_vaults_what_the_h,
          v_misc_24, minmay_crypt_entry_simple_box, hangedman_vaults_trim,
          v_alt_pattern_2, nicolae_vaults_network_star,
          nicolae_vaults_diagonal_hallway_7, nicolae_vaults_security_offices_1,
          nicolae_vaults_yaktaur_gun_rack, v_misc_8, layout_vaults_big_room,
          uniq_nikola
Vaults:3: dpeg_vaults_hating_casters, nicolae_vaults_tetromino_Z_1,
          nicolae_vaults_heart-shaped_vault, nicolae_vaults_rhombus_6,
          nicolae_vaults_storage_room_glass,
          nicolae_vaults_trapezoid_lopsided_1, nicolae_vaults_six-pack,
          nicolae_vaults_heist, v_misc_29, nicolae_vaults_tetromino_T_1,
          nicolae_vaults_more_shelving_1, layout_vaults_omnicross, serial_shops,
          nicolae_shop_tiny_glass
Vaults:4: v_misc_28, nicolae_vaults_arrows, v_alt_pattern_4,
          nicolae_vaults_more_shelving_2, v_misc_30, ontoclasm_vaults_fault,
          hangedman_vaults_corner_blocks, ontoclasm_vaults_eye,
          hangedman_vaults_corner, vaults_dpeg_ring, layout_vaults_omnibox,
          serial_shops, shop
Vaults:5: uniq_boris
Depths:1: layout_big_octagon, enter_ziggurat_a, ebering_ghost_inner_flame,
          grunt_hell_entry_demonic_statue, minmay_misc_feat_room,
          nicolae_shop_i_like_big_books, dk_noncrumbling_3,
          kennysheep_another_room, kennysheep_nondescript, st_stairs_11,
          minmay_misc_feat_diagonals, grunt_ministairs_4,
          fedhas_altar_fruit_tree, uniq_mara
Depths:2: nzn_winding_woodlands_large [nzn_winding_woodlands_5x5_default,
          nzn_winding_woodlands_5x15_concentric,
          nzn_winding_woodlands_5x5_closed_star,
          nzn_winding_woodlands_center_lodge,
          nzn_winding_woodlands_15x15_killbox,
          nzn_winding_woodlands_center_diamonds,
          nzn_winding_woodlands_5x5_three,
          nzn_winding_woodlands_5x15_river_crossing,
          nzn_winding_woodlands_hourglass], layout_basic, hangedman_geh_valley,
          rand_demon_pan_entry_4, corexii_hall_statues_t,
          infiniplex_staircase_pool_lava, uniq_asterion
Depths:3: minmay_ornate_pinched, layout_gridville, pf_coc_iceberg, abyss_entry,
          serial_bayou_ford_a, elyvilon_altar_3, uniq_mennas, uniq_xtahua
Depths:4: grunt_zot_entry_funnels, layout_cave_pools, serial_rivers,
          chequers_serial_rivers_micro_a, chequers_serial_rivers_micro_c,
          chequers_serial_rivers_large_a, chequers_serial_rivers_room_b,
          chequers_serial_rivers_marsh, hell_entry, lemuel_nasty_fountain,
          minmay_shop_grove
Zot:1:    layout_onion_interference, uniq_josephina
Zot:2:    layout_twisted_circle
Zot:3:    layout_misc_corridors, uniq_grunn, uniq_tiamat

Skill      XL: |  1  2  3  4  5  6  7  8  9 10 11 12 13 14 15 16 17 18 19 20 21 22 23 |
---------------+----------------------------------------------------------------------+-----
Ranged Weapons | 5 6 7 9 10 12 14 16 20 22 | 22.0
Fighting       | 3 5 6 7 9 11 12 15 17 19 20 22 23 26 27 | 27.0
Armour         | 1 2 3 4 5 7 8 9 10 11 17 22 | 22.0
Dodging        | 3 5 7 8 9 11 13 15 18 20 22 | 22.0
Invocations    | 4 5 9 10 11 12 18 | 18.0
Stealth        | |  0.7

Action                     |  1- 3 |  4- 6 |  7- 9 | 10-12 | 13-15 | 16-18 | 19-21 | 22-24 || total
---------------------------+-------+-------+-------+-------+-------+-------+-------+-------++-------
  Melee: Unarmed           |       |       |       |       |    51 |       |       |       ||    51
   Fire: Shortbow          |   122 |   171 |   390 |       |       |       |       |       ||   683
         Orcbow            |       |       |    63 |   820 |   883 |       |       |       ||  1766
         Longbow           |       |       |       |       |   444 |  1009 |   164 |       ||  1617
         Triple crossbow   |       |       |       |       |       |       |  1061 |   809 ||  1870
 Invoke: Heroism           |       |       |     4 |    26 |    34 |    39 |    38 |    34 ||   175
         Finesse           |       |       |       |     1 |    10 |     4 |    16 |     9 ||    40
    Use: Scroll            |     2 |     4 |     6 |     9 |    13 |    12 |       |     3 ||    49
         Potion            |       |     2 |     2 |     7 |     2 |     9 |     2 |     2 ||    26
   Stab: Confused          |       |       |       |       |    13 |       |       |       ||    13
 Armour: Leather armour    |    18 |     8 |       |    46 |    82 |    78 |    70 |    91 ||   393
         Ring mail         |       |    40 |    53 |       |       |       |       |       ||    93
         Robe              |       |       |     6 |     9 |       |       |       |       ||    15
         Skin              |       |       |       |       |     6 |       |       |       ||     6
  Dodge: Dodged            |    32 |    74 |   250 |   444 |   859 |  1274 |  1215 |  1546 ||  5694
         Repelled          |       |       |     3 |     7 |     4 |    18 |    10 |     6 ||    48
  Block: Other             |       |       |       |       |       |   136 |   115 |       ||   251
         Reflection        |       |       |       |       |       |     7 |    13 |       ||    20

Table legend:
 A = Non-vault XP
 B = Vault XP
 C = Vault XP percentage of total XP
 D = Non-vault monster count
 E = Vault monster count
 F = Vault count percentage of total count
                 A         B        C        D         E       F
            +---------+---------+-------+---------+---------+-------
      Total |  518421 |  455878 |  46.8 |    1147 |     743 |  39.3
            +---------+---------+-------+---------+---------+-------
        D:1 |      43 |       0 |   0.0 |      21 |       0 |   0.0
        D:2 |     144 |     307 |  68.1 |      28 |      16 |  36.4
        D:3 |     164 |       6 |   3.5 |      14 |       2 |  12.5
        D:4 |     243 |       0 |   0.0 |      24 |       0 |   0.0
        D:5 |     464 |      48 |   9.4 |      17 |       7 |  29.2
        D:6 |     756 |       0 |   0.0 |      13 |       0 |   0.0
        D:7 |     762 |     215 |  22.0 |      18 |       2 |  10.0
        D:8 |    1174 |    2637 |  69.2 |      28 |      19 |  40.4
        D:9 |    1734 |    3062 |  63.8 |      25 |      41 |  62.1
       D:10 |    2931 |    3919 |  57.2 |      15 |      14 |  48.3
       D:11 |    2580 |    5158 |  66.7 |      21 |       6 |  22.2
       D:12 |    3440 |       0 |   0.0 |       5 |       0 |   0.0
       D:13 |    4892 |       0 |   0.0 |       9 |       0 |   0.0
       D:14 |    4166 |   18866 |  81.9 |       7 |      45 |  86.5
       D:15 |   17895 |    4236 |  19.1 |      36 |       6 |  14.3
     Lair:1 |    4589 |    2218 |  32.6 |      20 |       9 |  31.0
     Lair:2 |    9119 |     523 |   5.4 |      30 |       1 |   3.2
     Lair:3 |    6594 |    1767 |  21.1 |      23 |       7 |  23.3
     Lair:4 |    6800 |       0 |   0.0 |      26 |       0 |   0.0
     Lair:5 |   11383 |   14797 |  56.5 |      37 |      48 |  56.5
    Swamp:1 |   16192 |       0 |   0.0 |      34 |       0 |   0.0
    Swamp:2 |    7422 |       0 |   0.0 |      17 |       0 |   0.0
    Swamp:3 |   14698 |    4379 |  23.0 |      26 |       2 |   7.1
    Swamp:4 |   19476 |   16495 |  45.9 |      31 |      30 |  49.2
    Snake:1 |    9659 |   14795 |  60.5 |      18 |      24 |  57.1
    Snake:2 |   31107 |       0 |   0.0 |      58 |       0 |   0.0
    Snake:3 |   20953 |       0 |   0.0 |      52 |       0 |   0.0
    Snake:4 |   20308 |   17846 |  46.8 |      37 |      30 |  44.8
      Orc:1 |    1435 |     933 |  39.4 |      29 |       8 |  21.6
      Orc:2 |    2726 |   12971 |  82.6 |      44 |      70 |  61.4
   Vaults:1 |   28450 |   32537 |  53.4 |      43 |      50 |  53.8
   Vaults:2 |   13828 |   30357 |  68.7 |      31 |      40 |  56.3
   Vaults:3 |   25233 |   22517 |  47.2 |      39 |      27 |  40.9
   Vaults:4 |   28932 |   44925 |  60.8 |      38 |      57 |  60.0
   Vaults:5 |   20737 |   94116 |  81.9 |      36 |      79 |  68.7
   Depths:1 |   20860 |   21900 |  51.2 |      28 |      28 |  50.0
   Depths:2 |   39070 |   38073 |  49.4 |      48 |      38 |  44.2
   Depths:3 |   25304 |   21903 |  46.4 |      39 |      16 |  29.1
   Depths:4 |   12620 |   19914 |  61.2 |      17 |      16 |  48.5
      Zot:1 |   50403 |    4458 |   8.1 |      42 |       5 |  10.6
      Zot:2 |   29135 |       0 |   0.0 |      23 |       0 |   0.0
            +---------+---------+-------+---------+---------+-------
